 Dungeon Crawl Stone Soup version 0.23-a0-767-gdc19b93d68 (webtiles) character file.

634158 Jannitor the Imperceptible (level 27, -19/163 HPs)
             Began as a Vine Stalker Wanderer on Jan 21, 2019.
             Was a Favourite Plaything of Xom.
             Killed from afar by an orb of fire (27 damage)
             ... with a fireball
             ... on level 5 of the Realm of Zot on Jan 23, 2019.
             The game lasted 03:24:05 (62676 turns).

Jannitor the Imperceptible (Vine Stalker Wanderer) Turns: 62676, Time: 03:24:05

Health: -19/163    AC: 28    Str: 16    XL:     27
Magic:  0/51       EV: 42    Int: 25    God:    Xom [*.....]
Gold:   6435       SH: 21    Dex: 39    Spells: 16/43 levels left

rFire    + + .     SeeInvis +   a - +9 quick blade (elec)
rCold    + + .     Gourm    .   y - +5 shield {reflect}
rNeg     + . .     Faith    .   Y - +4 moon troll leather armour {Spirit, Regen++ MP+5}
rPois    +         Spirit   +   Z - +3 hat of Pondering {ponderous, MR+ MP+10 Int+5}
rElec    +         Reflect  +   i - +4 cloak of Maloug {*Corrode +Fly rC+}
rCorr    +         Harm     .   w - +2 pair of gloves "Seredih" {rN+ Dex+3 Stlth+}
MR       +++++     Clarity  +   Q - +2 pair of boots {run}
Stlth    ++++......             v - amulet of the acrobat
HPRegen  2.97/turn              V - ring "Jisoer" {MR+ Int+7 Dex+4 SInv}
MPRegen  0.32/turn              s - ring of protection from fire

@: agile, about to teleport, resistant, marked, aura of abjuration, no potions,
regenerating, hasted, very quick
A: fangs 3, hooves 1, iridescent scales 1, slimy green scales 2, see invisible,
clarity, clever 1, deformed body, regeneration 2, wild magic 1, evolution 1,
magic shield, antimagic bite, no potion heal 3, rot immunity
0: Orb of Zot
}: 3/15 runes: decaying, abyssal, gossamer
a: Renounce Religion, Evoke Flight


You were on level 5 of the Realm of Zot.
You worshipped Xom.
You were a special plaything of Xom.
You were full.

You visited 11 branches of the dungeon, and saw 53 of its levels.
You visited the Abyss 2 times.
You also visited: Trove, Ossuary, Bailey, Ice Cave, Volcano and Wizlab.

You collected 10936 gold pieces.
You spent 4501 gold pieces at shops.

Inventory:

Hand Weapons
 a - a +9 quick blade of electrocution (weapon)
Missiles
 F - 5 throwing nets (quivered)
Armour
 i - the +4 cloak of Maloug (worn) {*Corrode +Fly rC+}
   (You found it in a bailey)

   It protects you from cold.
   It lets you fly.
   It may corrode you when you take damage.
 w - the +2 pair of gloves "Seredih" (worn) {rN+ Dex+3 Stlth+}
   (You found it on level 3 of the Realm of Zot)

   It affects your dexterity (+3).
   It protects you from negative energy.
   It makes you more stealthy.
 y - a +5 shield of reflection (worn)
 O - the +1 hat of Free Expression {Int+8}
   (Xom gifted it to you on level 2 of the Elven Halls)

   It affects your intelligence (+8).
 Q - a +2 pair of boots of running (worn)
 Y - the +4 moon troll leather armour (worn) {Spirit, Regen++ MP+5}
   (You found it in an ice cave)

   It affects your magic capacity (+5).
   It increases your rate of regeneration.
 Z - the +3 hat of Pondering (worn) {ponderous, MR+ MP+10 Int+5}
   (You found it on level 3 of the Crypt)

   It affects your intelligence (+5).
   It affects your resistance to hostile enchantments.
   It affects your magic capacity (+10).
Jewellery
 k - the ring of Noqauggoden {Wiz *Corrode +Blink rElec rN+}
   (You found it in a treasure trove)

   [ring of wizardry]

   It improves your spell success rate.
   It insulates you from electricity.
   It protects you from negative energy.
   It lets you blink.
   It may corrode you when you take damage.
 m - the ring of the Butterfly {rCorr SInv Stlth+}
   (You found it in a wizard's laboratory)

   [ring of resist corrosion]

   It lets you see invisible.
   It makes you more stealthy.
 s - a ring of protection from fire (right hand)
 v - an amulet of the acrobat (around neck)
 V - the ring "Jisoer" (left hand) {MR+ Int+7 Dex+4 SInv}
   (You found it on level 6 of the Lair of Beasts)

   [ring of see invisible]

   It affects your intelligence (+7).
   It affects your dexterity (+4).
   It affects your resistance to hostile enchantments.
   It lets you see invisible.
Wands
 g - a wand of iceblast (47)
 A - a wand of enslavement (50)
 H - a wand of polymorph (12)
 I - a wand of paralysis (37)
 L - a wand of clouds (1)
 N - a wand of acid (23)
 T - a wand of digging (18)
Scrolls
 b - 19 scrolls of identify
 j - 3 scrolls of holy word
 l - 10 scrolls of amnesia
 r - 3 scrolls of blinking
 t - 40 scrolls of remove curse
 C - 10 scrolls of fog
 G - 18 scrolls of teleportation
 M - a scroll of magic mapping
 P - 2 scrolls of fear
 R - 2 scrolls of summoning
 W - 8 scrolls of vulnerability
Potions
 c - 10 potions of curing
 d - 6 potions of haste
 e - 2 potions of resistance
 h - 5 potions of agility
 n - 14 potions of flight
 p - a potion of magic
 u - 6 potions of cancellation
 z - 7 potions of might
 B - 7 potions of ambrosia
 D - 11 potions of brilliance
 E - 9 potions of lignification
 J - 3 potions of mutation
 K - 5 potions of berserk rage
Miscellaneous
 o - 4 sacks of spiders
 q - a phial of floods
 x - 2 boxes of beasts
 S - 3 phantom mirrors
 U - a fan of gales (inert)
 X - a lamp of fire
Comestibles
 f - 102 rations


   Skills:
 + Level 22.7 Fighting
 - Level 11.1 Short Blades
 - Level 4.0 Throwing
 - Level 12.2 Armour
 + Level 20.2 Dodging
 - Level 22.9 Stealth
 - Level 15.0 Shields
 - Level 8.6 Spellcasting
 - Level 6.7 Hexes
 - Level 4.6 Charms
 - Level 8.7 Summonings
 - Level 9.3 Necromancy
 - Level 9.6 Translocations
 * Level 10.2 Evocations


You had 16 spell levels left.
You knew the following spells:

 Your Spells              Type           Power        Failure   Level  Hunger
a - Apportation           Tloc           ######       1%          1    None
b - Confusing Touch       Hex            ######       1%          1    None
c - Lesser Beckoning      Tloc           ######....   1%          3    None
d - Blink                 Tloc           N/A          1%          2    None
e - Passage of Golubria   Tloc           N/A          2%          4    ##.....
f - Gell's Gravitas       Tloc           ######....   1%          3    None
g - Aura of Abjuration    Summ           ######....   8%          5    ####...
h - Regeneration          Chrm/Necr      ######....   2%          3    None
i - Swiftness             Chrm/Air       ####....     6%          2    None
j - Vampiric Draining     Necr           ######....   1%          3    None

Your spell library contained the following spells:

 Spells                   Type           Power        Failure   Level  Hunger
 Animate Skeleton         Necr           N/A          1%          1    None
 Summon Small Mammal      Summ           ####         1%          1    None
 Call Imp                 Summ           ######..     1%          2    None
 Corpse Rot               Necr           N/A          1%          2    None
 Shroud of Golubria       Chrm/Tloc      ######....   1%          2    None
 Slow                     Hex            ######..     1%          2    None
 Sublimation of Blood     Necr           ######....   1%          2    None
 Call Canine Familiar     Summ           ######..     1%          3    None
 Summon Guardian Golem    Hex/Summ       ######..     1%          3    None
 Teleport Other           Tloc           ######..     1%          3    None
 Confuse                  Hex            ######..     2%          3    None
 Ensorcelled Hibernation  Hex/Ice        #####.       4%          2    None
 Agony                    Necr           ######..     6%          5    ####...
 Dispel Undead            Necr           ######..     6%          5    ####...
 Cause Fear               Hex            ######....   7%          4    ##.....
 Dazzling Spray           Conj/Hex       #####.       8%          3    None
 Inner Flame              Hex/Fire       #####...     8%          3    None
 Beastly Appendage        Tmut           ##....       11%         1    None
 Flame Tongue             Conj/Fire      ##...        11%         1    None
 Magic Dart               Conj           ##..         11%         1    None
 Shock                    Conj/Air       ##..         11%         1    None
 Sting                    Conj/Pois      ##..         11%         1    None
 Force Lance              Conj/Tloc      #####...     13%         4    ##.....
 Passwall                 Tmut/Erth      ##......     14%         2    None
 Poisonous Vapours        Pois/Air       ##....       14%         2    None
 Searing Ray              Conj           ##....       14%         2    None
 Sticks to Snakes         Tmut           ##......     14%         2    None
 Throw Flame              Conj/Fire      ##....       14%         2    None
 Excruciating Wounds      Chrm/Necr      ######....   14%         5    ####...
 Summon Ice Beast         Ice/Summ       #####...     16%         4    ##.....
 Summon Lightning Spire   Summ/Air       #####...     16%         4    ##.....
 Fulminant Prism          Conj/Hex       #####.....   22%         4    ##.....
 Leda's Liquefaction      Hex/Erth       #####.....   22%         4    ##.....
 Conjure Flame            Conj/Fire      ##......     28%         3    None
 Ignite Poison            Fire/Tmut/Pois ##......     28%         3    None
 Mephitic Cloud           Conj/Pois/Air  ##......     28%         3    None
 Spider Form              Tmut/Pois      ##........   28%         3    None
 Static Discharge         Conj/Air       ##......     28%         3    None
 Stone Arrow              Conj/Erth      ##....       28%         3    None
 Bolt of Draining         Conj/Necr      #####.....   34%         5    ####...
 Metabolic Englaciation   Hex/Ice        #####.....   50%         5    ####...
 Yara's Violent Unravell  Hex/Tmut       #####.....   50%         5    ####...
 Airstrike                Air            ##........   63%         4    ##.....
 Ice Form                 Ice/Tmut       ##......     63%         4    ##.....
 Iskenderun's Mystic Bla  Conj           ##......     63%         4    ##.....
 Olgreb's Toxic Radiance  Pois           ##......     63%         4    ##.....
 Petrify                  Tmut/Erth      ##......     63%         4    ##.....
 Sticky Flame             Conj/Fire      ##......     63%         4    ##.....
 Iskenderun's Battlesphe  Conj/Chrm      ####....     65%         5    ####...
 Simulacrum               Ice/Necr       #####.....   87%         6    ######.
 Blade Hands              Tmut           ##........   92%         5    ####...
 Bolt of Magma            Conj/Fire/Erth ##........   92%         5    ####...
 Fireball                 Conj/Fire      ##........   92%         5    ####...
 Irradiate                Conj/Tmut      ##........   92%         5    ####...
 Lightning Bolt           Conj/Air       ##........   92%         5    ####...
 Venom Bolt               Conj/Pois      ##........   92%         5    ####...
 Bolt of Cold             Conj/Ice       ##........   100%        6    ######.
 Bolt of Fire             Conj/Fire      ##........   100%        6    ######.
 Freezing Cloud           Conj/Ice/Air   ##........   100%        6    ######.
 Hydra Form               Tmut           ##........   100%        6    ######.
 Iron Shot                Conj/Erth      ##........   100%        6    ######.
 Ozocubu's Refrigeration  Ice            ##........   100%        6    ######.
 Statue Form              Tmut/Erth      ##.......    100%        6    ######.
 Dragon Form              Tmut           ##........   100%        7    #######
 Orb of Destruction       Conj           ##........   100%        7    #######
 Ring of Flames           Chrm/Fire      ####......   100%        7    #######
 Spellforged Servitor     Conj/Summ      #####.....   100%        7    #######
 Ignition                 Fire           ##........   100%        8    #######
 Infestation              Necr           ######....   100%        8    #######
 Dragon's Call            Summ           ######....   100%        9    #######
 Shatter                  Erth           ##........   100%        9    #######


Dungeon Overview and Level Annotations

Branches:
Dungeon (15/15)            Temple (1/1) D:7            Lair (6/6) D:9
  Swamp (4/4) Lair:3       Spider (4/4) Lair:4        Slime (0/5) Lair:5
    Orc (2/2) D:12            Elf (3/3) Orc:2        Vaults (4/5) D:13
  Crypt (3/3) Vaults:2       Tomb (0/3) Crypt:3      Depths (5/5) D:15
    Zot (5/5) Depths:5

Altars:
Cheibriados
Fedhas
Gozag
Kikubaaqudgha
Makhleb
Nemelex Xobeh
Okawaru
Sif Muna
Trog
Vehumet
Xom
Yredelemnul
Zin
The Shining One
Jiyva

Shops:
D:8 }   Orc:2 [:(*?   Elf:2 ?   Vaults:2 *   Depths:2 [   Depths:4 =}}*(*

Portals:
Hell: Depths:1 Depths:2 Depths:3 Depths:4 Depths:5
Abyss: Depths:4
Pandemonium: Depths:3
Ziggurat: Depths:5

Annotations:
Lair:5 1 runed door
Elf:1 6 runed translucent doors
Depths:5 exclusions: eye of devastation, eye of draining, floating eye and shining eye
Zot:4 3 runed doors, Alant's ghost, legendary SpEn; Efuif's ghost, legendary SpEn; Ugofegei's ghost, veteran MiBe
Zot:5 1 exclusion


Innate Abilities, Weirdness & Mutations

You have razor-sharp teeth.
You heal very quickly.
When hurt, damage is shared between your health and your magic reserves.
Your bite disrupts and absorbs the magic of your enemies.
Potions cannot restore your health.
You are immune to rotting.
You have large cloven feet.
You are partially covered in iridescent scales. (AC +2)
You are mostly covered in slimy green scales. (AC +3)
You have supernaturally acute eyesight. (SInv)
You possess an exceptional clarity of mind.
Your mind is acute. (Int +2)
Armour fits poorly on your strangely shaped body.
Your spells are a little harder to cast, but a little more powerful.
You evolve.


Message History

You are engulfed in a cloud of spores!
The wandering mushroom releases spores at you but does no damage.
You can move again.
Unknown command.
Unknown command.
Unknown command.
Unknown command.
Unknown command.
As you read the scroll of teleportation, it crumbles to dust.
You feel strangely unstable.
You feel the Orb delaying your translocation!
The deathcap disappears in a puff of smoke!
The wandering mushroom disappears in a puff of smoke! x2
The orb of fire glows red.
The fireball explodes!
The fireball engulfs you! You resist.
* * * LOW HITPOINT WARNING * * *
The orb of fire emits a lurid red light.
The fireball explodes!
The fireball engulfs you! You resist.
You die...
Xom cackles wildly!

§§§XXXX..▓▓.§.X.................,
§X§XX§4..X▓.............§........
*§§§§.XdDXX...........^.§......X▓
§§*§XXX...▓*..d.....X....§.......
§.§....§.▓▓..*°..Dd.py.p§§.......
▓..^....▓▓▓....qX.d.z○..[....8...
▓▓▓▓▓▓▓▓▓ ▓....☼X○...pD.§§..^....
▓▓...☼○☼☼.........§*^..
*▓▓.☼@☼☼..........§^..
▓▓▓▓§....p....§..▓▓▓
▓▓▓▓▓▓▓▓▓▓▓▓▓▓▓


You could see 2 orbs of fire, 4 Killer Klowns, a tentacled monstrosity, a storm
dragon, 2 draconians, a white draconian, a curse toe, a quicksilver dragon, 5
Orb Guardians, a green draconian scorcher and a moth of wrath.

Vanquished Creatures
  An orb of fire (Zot:4)
  An ancient lich (Vaults:4)
  Mara (Vaults:3)
  The ghost of Eguij Fesh the Executioner, a legendary FoFi of Okawaru (Depths:1)
  the Lernaean hydra (Swamp:4)
  Sojobo (Crypt:2)
  Boris (Depths:4)
  2 Killer Klowns
  Saint Roka (Orc:1)
  2 curse toes (Zot:4)
  6 golden dragons
  A bone dragon (Crypt:3)
  2 profane servitors (Crypt:3)
  the Enchantress (Depths:1)
  Arachne (Spider:2)
  An electric golem (Zot:4)
  4 liches
  Rupert (Orc:2)
  11 tentacled monstrosities
  8 Orb Guardians (Zot:5)
  Jorgrun (Swamp:1)
  A deep elf master archer (Elf:3)
  A moon troll (WizLab)
  2 deep elf blademasters (Elf:3)
  3 quicksilver dragons
  3 ancient champions
  A kraken (Abyss:1)
  An Executioner (Abyss:3)
  10 tentacled starspawn
  13 death cobs
  A thorn hunter (Swamp:4)
  A sphinx (Vaults:4)
  A revenant (Crypt:1)
  17 storm dragons
  Kirke (D:14)
  8 tengu reavers
  12 shadow dragons
  9 draconian monks
  6 fire giants
  3 deep elf sorcerers (Elf:3)
  Roxanne (Spider:4)
  2 vault wardens
  An orc warlord (Depths:1)
  2 iron dragons
  7 frost giants
  2 emperor scorpions
  5 draconian knights
  4 cacodemons
  2 draconian scorchers
  6 draconian stormcallers
  4 ghost moths
  5 ghouls (Crypt:3)
  6 large abominations
  2 curse skulls (Crypt:3)
  3 draconian shifters
  7 draconian annihilators
  2 war gargoyles (WizLab)
  6 deep elf elementalists (Elf:3)
  19 very ugly things
  5 spriggan defenders
  9 ironheart preservers
  25 stone giants
  13 green draconians
  7 vampire knights
  5 entropy weavers
  11 black draconians
  2 dire elephants
  A dire elephant (shapeshifter) (Vaults:2)
  9 deep elf demonologists
  8 white draconians
  10 deep elf annihilators
  10 spark wasps
  14 yellow draconians
  Snorg (D:14)
  10 purple draconians
  9 ettins
  6 eidola (Crypt:3)
  12 red draconians
  A merfolk javelineer (Depths:4)
  2 crystal guardians (WizLab)
  7 deep elf death magi
  12 fire dragons
  6 jiangshi
  A mummy priest (Crypt:3)
  11 great orbs of eyes
  12 yaktaur captains
  4 deep elf high priests
  Erolcha (D:9)
  15 ice dragons
  2 vault guards (Vaults:2)
  A quicksilver dragon skeleton (Crypt:2)
  10 centaur warriors
  26 hydras
  A hell beast (Depths:1)
  3 catoblepae
  3 spriggan air magi
  3 rakshasas
  8 death knights
  A shambling mangrove (Swamp:1)
  22 dancing weapons
  9 ogre magi
  7 tengu warriors
  A satyr (Elf:1)
  A death yak (shapeshifter) (Orc:2)
  39 two-headed ogres
  3 deep troll shamans
  8 deep troll earth magi
  5 vampire magi
  A thrashing horror (Abyss:3)
  9 alligators
  13 death yaks
  27 deep elf knights
  3 hell knights (Depths:4)
  2 spriggan berserkers (Depths:1)
  2 soul eaters
  A storm dragon zombie (Crypt:3)
  Sonja (D:13)
  3 shadow wraiths
  33 skeletal warriors
  2 fire crabs (Abyss:3)
  An iron troll (Depths:1)
  2 salamander mystics
  11 wizards
  A spatial maelstrom (Abyss:3)
  2 spriggan druids
  11 flayed ghosts
  A sixfirhy (Abyss:2)
  2 unseen horrors (D:11)
  12 swamp dragons
  An orange crystal statue (WizLab)
  17 deep elf archers
  20 deep trolls
  A shadow dragon zombie (Crypt:3)
  An anaconda zombie (Crypt:3)
  2 lindwurms (Lair:6)
  11 ironbrand convokers
  15 orb spiders
  13 glowing orange brains
  24 phantasmal warriors
  A fire giant zombie (Crypt:3)
  An orb spider (shapeshifter) (Elf:1)
  10 necromancers
  40 ugly things
  3 wolf spider zombies
  8 orc knights
  3 iron dragon zombies
  2 frost giant zombies
  5 cyclopes
  An oklob plant (Lair:6)
  7 orc sorcerers
  A cyclops (shapeshifter) (Depths:2)
  A manticore (D:14)
  2 stone giant zombies
  70 deep elf magi
  51 wolf spiders
  The ghost of LLavrengius the Cutter, a novice OpFi (D:5)
  10 elephants
  5 toenail golems (Volcano)
  27 moths of wrath
  5 salamanders
  A stone giant skeleton (Crypt:1)
  14 starcursed masses
  8 black mambas
  5 eyes of devastation
  4 molten gargoyles (Elf:2)
  A shock serpent skeleton (Crypt:1)
  A shock serpent zombie (Crypt:1)
  A black mamba (shapeshifter) (D:15)
  A frost giant skeleton (Vaults:3)
  An ice statue (Abyss:3)
  Psyche (D:9)
  3 gargoyles
  11 vault sentinels
  16 spiny frogs
  2 guardian serpents (Depths:4)
  9 torpor snails
  A dire elephant skeleton (Crypt:1)
  A rust devil (Depths:1)
  4 centaur skeletons
  9 small abominations
  2 kobold demonologists (D:14)
  A minotaur zombie (Crypt:3)
  5 komodo dragons
  A catoblepas zombie (Crypt:3)
  6 rime drakes
  4 efreet
  A yaktaur (shapeshifter) (Depths:5)
  7 freezing wraiths
  38 yaktaurs
  13 demonic crawlers
  3 ancient zymes (Abyss:3)
  3 guardian mummies
  A troll (shapeshifter) (D:13)
  3 meliai (Spider:4)
  A tengu simulacrum (Vaults:3)
  A jumping spider (shapeshifter) (Elf:2)
  A polar bear (shapeshifter) (D:15)
  3 tengu conjurers
  11 polar bears (IceCv)
  10 trolls
  2 hydra zombies (Crypt:3)
  43 jumping spiders
  26 hornets
  A queen bee (D:12)
  An alligator zombie (Crypt:3)
  3 raiju (Abyss:3)
  14 tyrant leeches
  A slime creature (shapeshifter) (D:13)
  6 bog bodies
  2 dream sheep (Lair:6)
  17 blink frogs
  A fire giant simulacrum (Crypt:1)
  A stone giant simulacrum (Depths:1)
  10 hippogriffs
  A hydra skeleton (Crypt:1)
  A snapping turtle (shapeshifter) (Vaults:1)
  10 flying skulls
  33 slime creatures
  A vampire (D:9)
  68 redbacks
  3 air elementals
  4 shadows
  2 ice dragon skeletons
  2 fire dragon skeletons (Crypt:2)
  5 wyverns
  8 water elementals
  17 wraiths
  56 yaks
  A ynoxinul (Abyss:3)
  A human (D:7)
  24 spriggans
  3 ushabtiu (Crypt:3)
  45 tarantellas
  3 basilisks
  6 hogs
  3 neqoxecs
  3 hungry ghosts
  26 vampire mosquitoes
  12 golden eyes
  A chaos spawn (Abyss:3)
  A spatial vortex (Abyss:3)
  8 wargs
  13 swamp worms
  4 acid dragons
  14 insubstantial wisps
  An infernal demonspawn zombie (Crypt:2)
  A soldier ant (D:10)
  2 spiny frog zombies (Crypt:3)
  A soldier ant (shapeshifter) (Lair:6)
  16 water moccasins
  A torturous demonspawn skeleton (Crypt:2)
  A hell hound (Depths:1)
  9 porcupines
  11 swamp drakes
  A floating eye (Depths:2)
  56 orc warriors
  A spiny frog skeleton (Crypt:1)
  6 sky beasts
  An eye of draining (D:12)
  3 black bears
  A black bear (shapeshifter) (D:13)
  A manticore zombie (Crypt:3)
  2 snapping turtle zombies
  14 necrophages
  22 boggarts
  2 eyes of draining (shapeshifter)
  24 ogres
  3 ettin simulacra (Depths:3)
  31 wolves
  2 phantoms
  An elephant skeleton (Crypt:1)
  A manticore skeleton (Crypt:2)
  31 centaurs
  4 big kobolds
  16 crocodiles
  A wyvern zombie (Crypt:2)
  A draconian zombie (Crypt:2)
  16 bullfrogs
  3 earth elementals (Elf:3)
  4 human skeletons
  3 gnoll sergeants
  8 wyvern skeletons
  3 scorpions
  A polar bear zombie (Crypt:2)
  A snapping turtle simulacrum (Crypt:1)
  A swamp dragon simulacrum (Crypt:1)
  20 wights
  A vampire bat (Orc:1)
  2 howler monkeys
  5 electric eels
  2 bullfrog zombies
  4 crimson imps
  A lava snake (Elf:2)
  2 jellies
  6 centaur zombies
  2 quasits (D:10)
  4 hounds
  3 human zombies (Crypt:1)
  20 orc priests
  3 gnoll shamans (D:6)
  26 orc wizards
  8 iguanas
  2 iron imps (Abyss:2)
  9 worker ants
  A killer bee zombie (D:7)
  A hound zombie (D:5)
  2 hound skeletons
  2 howler monkey zombies
  15 mummies
  Robin (D:3)
  A worker ant zombie (D:11)
  36 gnolls
  A howler monkey skeleton (D:4)
  17 adders
  A river rat (Spider:4)
  5 shadow imps
  A white imp (Depths:3)
  An ooze (D:5)
  3 adder zombies
  3 adder skeletons
  A lava snake skeleton (Crypt:1)
  2 worms (D:2)
  4 leopard geckos
  84 orcs
  5 giant cockroaches
  21 goblins
  13 hobgoblins
  31 jackals
  3 quokkas
  11 bats
  5 frilled lizards
  A giant cockroach zombie (Crypt:2)
  3 goblin skeletons (Ossuary)
  38 kobolds
  3 kobold skeletons (Ossuary)
  A leopard gecko skeleton (D:4)
  2 orc skeletons (Ossuary)
  A quokka skeleton (D:5)
  6 rats
  11 rat skeletons (Ossuary)
  A fungus (Orc:2)
  A macabre mass (Abyss:3)
  2 plants (Lair:6)
  9 starspawn tentacles (WizLab)
  2 withered plants (Crypt:3)
2616 creatures vanquished.

Vanquished Creatures (collateral kills)
  A Killer Klown (Zot:4)
  Donald (Orc:2)
  A draconian knight (Depths:5)
  An emperor scorpion (Spider:4)
  A draconian annihilator (Zot:4)
  A black draconian (Zot:4)
  A green draconian (Zot:4)
  A purple draconian (Zot:3)
  A dancing weapon (Elf:2)
  2 swamp dragons (Swamp:4)
  A black mamba (Lair:6)
  A vault sentinel (Vaults:3)
  An ancient zyme (Abyss:3)
  2 hornets
  A redback (Spider:2)
  A phantom (D:13)
  A black bear (D:13)
  A wight (D:9)
  A ball python (shapeshifter) (Vaults:3)
21 creatures vanquished.

Vanquished Creatures (others)
  A spriggan air mage (Depths:1)
  A centaur warrior (Depths:2)
  A two-headed ogre (Vaults:2)
  2 dancing weapons
  An ogre mage (Vaults:3)
  2 swamp dragons (Swamp:4)
  A glowing orange brain (Depths:4)
  2 ugly things
  A yaktaur (Depths:4)
  6 polar bears (IceCv)
  A hornet (Swamp:4)
  A yak (IceCv)
  2 orc warriors (Orc:2)
  An ogre (Vaults:2)
  2 wolves (Lair:4)
  A centaur (Depths:2)
  A small abomination (Abyss:3)
  A starcursed mass (WizLab)
  2 orcs (Orc:2)
  18 fungi
  29 plants
  31 starspawn tentacles
  4 withered plants
112 creatures vanquished.

Grand Total: 2749 creatures vanquished

Notes
Turn   | Place    | Note
-------+----------+-------------------------------------------
     0 | D:1      | Jannitor the Vine Stalker Wanderer began the quest for the
                  | Orb.
     0 | D:1      | Jannitor set off with the following items: a +2 short
                  | sword, a +0 quarterstaff, a potion of curing, a +0 robe, a
                  | ration
     0 | D:1      | Reached XP level 1. HP: 12/12 MP: 2/2
   449 | D:1      | Reached XP level 2. HP: 17/17 MP: 3/3
   713 | D:3      | Found a snail-covered altar of Cheibriados.
  1004 | D:2      | Reached XP level 3. HP: 12/21 MP: 2/4
  1281 | D:2      | Found a burning altar of Makhleb.
  1290 | D:2      | Reached skill level 1 in Dodging
  1448 | D:2      | Gained mutation: Your natural rate of healing is unusually
                  | fast. [Vine Stalker growth]
  1448 | D:2      | Reached XP level 4. HP: 21/25 MP: 5/5
  1506 | D:2      | Found a blossoming altar of Fedhas.
  1543 | D:2      | Found an opulent altar of Gozag.
  1543 | D:2      | Found a sparkling altar of Nemelex Xobeh.
  1658 | D:2      | Found an iron altar of Okawaru.
  2159 | D:3      | Noticed Robin
  2172 | D:3      | Reached XP level 5. HP: 21/29 MP: 6/6
  2193 | D:3      | Killed Robin
  2647 | D:4      | Reached XP level 6. HP: 19/34 MP: 3/7
  2852 | D:4      | Noticed a phantom
  2874 | D:4      | Killed a phantom
  3040 | D:4      | Reached XP level 7. HP: 38/38 MP: 8/8
  3260 | D:4      | Reached skill level 5 in Fighting
  3286 | D:4      | Reached skill level 5 in Stealth
  3420 | D:5      | Entered Level 5 of the Dungeon
  3638 | D:5      | Found a transporter.
  3727 | D:5      | Noticed LLavrengius's ghost (novice OpFi)
  3729 | D:5      | Found a transporter.
  3855 | D:5      | Gained mutation: You have razor-sharp teeth. [Vine Stalker
                  | growth]
  3855 | D:5      | Reached XP level 8. HP: 29/44 MP: 9/9
  4771 | D:5      | Reached skill level 5 in Short Blades
  4771 | D:5      | Reached XP level 9. HP: 39/48 MP: 10/10
  5232 | D:6      | You fall through a shaft for 3 floors!
  5232 | D:9      | Noticed a two-headed ogre
  5233 | D:9      | Found an iron altar of Okawaru.
  5233 | D:9      | Noticed Psyche
  5379 | D:7      | Found a sand-covered staircase.
  5388 | Ossuary  | Entered an ossuary
  5709 | D:6      | Reached skill level 5 in Dodging
  7028 | D:7      | Reached skill level 1 in Shields
  7028 | D:7      | Reached XP level 10. HP: 47/55 MP: 11/11
  7367 | D:7      | Found a staircase to the Ecumenical Temple.
  7544 | Temple   | Entered the Ecumenical Temple
  7574 | Temple   | Became a worshipper of Xom of Chaos
  7643 | D:8      | Found Makoumm's Gadget Boutique.
  7694 | D:7      | XOM: summons 1 hostile demon
  7722 | D:8      | XOM: confuse monster(s)
  7745 | D:8      | Bought a wand of clouds (5) for 405 gold pieces
  7928 | D:8      | XOM: confuse monster(s)
  7963 | D:8      | XOM: give mutations
  7963 | D:8      | Gained mutation: You are partially covered in yellow
                  | scales. (AC +2) [Xom's grace]
  7963 | D:8      | Gained mutation: You have a pair of small horns on your
                  | head. [Xom's grace]
  7963 | D:8      | Gained mutation: You are somewhat resistant to further
                  | mutation. [Xom's grace]
  7963 | D:8      | Gained mutation: Your skin changes colour to match your
                  | surroundings (Stealth+). [Xom's grace]
  7988 | D:8      | Found a deep blue altar of Sif Muna.
  8040 | D:8      | You fall through a shaft!
  8164 | D:9      | XOM: scenery: create altars
  8213 | D:9      | XOM: give mutations
  8213 | D:9      | Gained mutation: Your muscles are strong. (Str +2) [Xom's
                  | grace]
  8213 | D:9      | Gained mutation: You are resistant to hostile enchantments.
                  | (MR+) [Xom's grace]
  8271 | D:9      | Reached skill level 1 in Evocations
  8273 | D:9      | XOM: harmless Necr miscast
  8289 | D:9      | XOM: noise
  8296 | D:9      | Killed Psyche
  8345 | D:9      | Learned a level 1 spell: Apportation
  8347 | D:9      | Learned a level 1 spell: Confusing Touch
  8365 | D:9      | XOM: summons friendly quasit
  8458 | D:9      | Identified a +1 pair of boots of running (You found it on
                  | level 9 of the Dungeon)
  8458 | D:9      | Identified 3 scrolls of acquirement
  8474 | D:9      | XOM: confusion (+ monsters)
  8484 | D:9      | Killed a two-headed ogre
  8484 | D:9      | Reached skill level 1 in Hexes
  8484 | D:9      | Reached XP level 11. HP: 42/60 MP: 13/13
  8595 | D:9      | Noticed Erolcha
  8687 | D:9      | Killed Erolcha
  8921 | D:9      | XOM: potion effect (invisibility)
  8953 | D:9      | Found a staircase to the Lair.
  8977 | D:9      | Found a glowing golden altar of the Shining One.
  9058 | D:9      | XOM: cloud trail
  9190 | Lair:1   | Entered Level 1 of the Lair of Beasts
  9200 | Lair:1   | XOM: divination: detect items
  9211 | Lair:1   | XOM: blink monster(s)
  9221 | Lair:1   | XOM: cleaving
  9228 | Lair:1   | XOM: summons friendly crimson imp
  9274 | Lair:1   | XOM: 2-stop teleportation journey
  9277 | Lair:1   | XOM: cleaving
  9284 | Lair:1   | Noticed an eight-headed hydra
  9293 | Lair:1   | XOM: scenery: create altars
  9300 | Lair:1   | XOM: scenery: create altars
  9305 | Lair:1   | XOM: harmless Tmut miscast
  9308 | Lair:1   | Killed an eight-headed hydra
  9409 | Lair:1   | XOM: harmless Air miscast
  9663 | Lair:1   | XOM is BORED!
  9663 | Lair:1   | XOM: noise
 10181 | Lair:2   | XOM: divination: detect creatures
 10283 | Lair:2   | Noticed an eight-headed hydra
 10294 | Lair:2   | Killed an eight-headed hydra
 10317 | Lair:2   | XOM: enchant monster (good)
 10319 | Lair:2   | Gained mutation: You heal very quickly. [Vine Stalker
                  | growth]
 10319 | Lair:2   | Reached XP level 12. HP: 66/66 MP: 16/16
 10729 | Lair:3   | Noticed a death yak
 10730 | Lair:3   | Noticed a death yak
 10753 | Lair:2   | XOM: confuse monster(s)
 10765 | Lair:2   | Killed a death yak
 10802 | Lair:2   | XOM: summons 2 friendly demons
 10825 | Lair:2   | Reached skill level 5 in Evocations
 10836 | Lair:2   | Killed a death yak
 10886 | Lair:3   | Reached skill level 5 in Hexes
 11134 | Lair:3   | Noticed a five-headed hydra
 11142 | Lair:3   | Killed a five-headed hydra
 11178 | Lair:3   | Found a staircase to the Swamp.
 11358 | Lair:3   | Noticed an eight-headed hydra
 11361 | Lair:3   | Noticed a spriggan rider
 11362 | Lair:3   | Killed an eight-headed hydra
 11394 | Lair:3   | Noticed a death yak
 11404 | Lair:3   | Killed a death yak
 11445 | Lair:3   | Noticed a spriggan rider
 11446 | Lair:3   | a spriggan rider changed into a glowing orange brain
 11446 | Lair:3   | XOM: polymorph spriggan rider -> glowing orange brain
 11449 | Lair:3   | Reached skill level 10 in Fighting
 11449 | Lair:3   | Reached skill level 10 in Stealth
 11479 | Lair:3   | Reached XP level 13. HP: 72/72 MP: 18/18
 11636 | Lair:3   | XOM: chaos upgrade
 11728 | Lair:4   | XOM: blink monster(s)
 11740 | Lair:4   | XOM: harmless Tloc miscast
 11748 | Lair:4   | XOM: swap monsters
 11863 | Lair:4   | XOM: destruction
 11917 | Lair:4   | XOM: medium Tloc miscast
 11917 | Lair:4   | Cast into level 3 of the Abyss (the capriciousness of Xom)
 11983 | Abyss:3  | Noticed a tentacled starspawn
 11984 | Abyss:3  | XOM: cast spell 'Summon Hydra'
 11992 | Abyss:3  | XOM: blink monster(s)
 12002 | Abyss:3  | Killed a tentacled starspawn
 12044 | Abyss:3  | Noticed a starcursed mass
 12047 | Abyss:3  | XOM: confuse monster(s)
 12098 | Abyss:3  | XOM: harmless Tmut miscast
 12225 | Abyss:3  | XOM: confusion (+ monsters)
 12265 | Abyss:3  | XOM: summons friendly ufetubus
 12267 | Abyss:3  | XOM: potion effect (agility)
 12276 | Abyss:3  | XOM: silly message
 12288 | Abyss:3  | Found a corrupted altar of Lugonu.
 12370 | Lair:4   | Escaped the Abyss
 12403 | Lair:4   | XOM: potion effect (invisibility)
 12417 | Lair:4   | XOM: medium Conj miscast
 12455 | Lair:4   | XOM: harmless Summ miscast
 12464 | Lair:4   | Reached skill level 5 in Translocations
 12700 | Lair:4   | Found a hole to the Spider Nest.
 12931 | Lair:4   | XOM: harmless Air miscast
 13210 | Lair:5   | XOM: divination: magic mapping
 13333 | Lair:5   | XOM: divination: detect items
 13361 | Lair:5   | XOM: enchant monster (good)
 13459 | Lair:5   | Found a runed door.
 13459 | Lair:5   | Found a viscous altar of Jiyva.
 13459 | Lair:5   | Found a staircase to the Slime Pits.
 13459 | Lair:5   | Noticed an acid blob
 13459 | Lair:5   | Noticed an acid blob
 13555 | Lair:5   | XOM: mild Summ miscast
 13557 | Lair:5   | Reached XP level 14. HP: 68/77 MP: 19/19
 13645 | Lair:5   | XOM: silly message
 13688 | Lair:5   | XOM: divination: magic mapping
 13858 | Lair:5   | XOM: god gift: 17 stones
 14334 | Lair:6   | Entered Level 6 of the Lair of Beasts
 14343 | Lair:6   | XOM: cast spell 'Summon Ice Beast'
 14353 | Lair:6   | Reached skill level 10 in Dodging
 14360 | Lair:6   | XOM: divination: magic mapping
 14373 | Lair:6   | XOM: divination: magic mapping
 14506 | Lair:6   | Learned a level 3 spell: Lesser Beckoning
 14509 | Lair:6   | Learned a level 2 spell: Blink
 14514 | Lair:6   | Learned a level 4 spell: Passage of Golubria
 14572 | Lair:6   | Reached skill level 1 in Spellcasting
 14673 | Lair:6   | XOM: give mutations
 14673 | Lair:6   | Lost mutation: You have a pair of small horns on your head.
                  | [Xom's mischief]
 14673 | Lair:6   | Gained mutation: You occasionally shout uncontrollably at
                  | your foes. [Xom's mischief]
 14673 | Lair:6   | Lost mutation: You are somewhat resistant to further
                  | mutation. [Xom's mischief]
 14884 | Lair:6   | XOM: summons 12 friendly demons
 14893 | Lair:6   | XOM: harmless Ice miscast
 14972 | Lair:6   | XOM: god gift: fan of gales
 15022 | Lair:6   | Noticed a dire elephant
 15025 | Lair:6   | XOM: cast spell 'Summon Ice Beast'
 15070 | Lair:6   | XOM: confuse monster(s)
 15077 | Lair:6   | XOM: silly message
 15080 | Lair:6   | XOM: scenery: create altars
 15088 | Lair:6   | a dire elephant changed into a death yak
 15088 | Lair:6   | XOM: polymorph dire elephant -> death yak
 15093 | Lair:6   | XOM: cleaving
 15104 | Lair:6   | Reached skill level 5 in Spellcasting
 15264 | Lair:6   | Got a vibrating lead ring
 15266 | Lair:6   | Identified the ring "Jisoer" {MR+ Int+7 Dex+4 SInv} (You
                  | found it on level 6 of the Lair of Beasts)
 15280 | Lair:6   | XOM: 2-stop teleportation journey
 15406 | Lair:6   | XOM: polymorph black mamba -> spriggan
 15422 | Lair:6   | XOM: cleaving
 15442 | Lair:6   | Noticed a dire elephant
 15467 | Lair:6   | XOM: polymorph lindwurm -> tarantella
 15480 | Lair:6   | Killed a dire elephant
 15490 | Lair:6   | XOM: confuse monster(s)
 15546 | Lair:6   | XOM: 2-stop teleportation journey
 15583 | Lair:6   | XOM: destruction
 15794 | Lair:6   | Found a runed door.
 15830 | Lair:6   | XOM: confuse monster(s)
 15873 | Lair:6   | XOM: enchant monster (good)
 15875 | Lair:6   | Reached XP level 15. HP: 80/80 MP: 25/25
 15876 | Lair:6   | XOM: summons friendly ufetubus
 15877 | Lair:6   | XOM: 1-stop teleportation journey
 15933 | Lair:6   | XOM: enchant monster (good)
 15937 | Lair:6   | XOM: enchant monster (good)
 15940 | Lair:6   | XOM: harmless Summ miscast
 16065 | Lair:6   | XOM: summons 4 hostile shadow creatures
 16096 | Lair:6   | XOM: mild Necr miscast
 16364 | D:10     | Entered Level 10 of the Dungeon
 16392 | D:10     | Identified the Grimoire of Harmful Slavery
 16393 | D:10     | XOM is BORED!
 16407 | D:10     | Found a flagged portal.
 16420 | Bailey   | Entered a bailey
 16457 | Bailey   | XOM: enchant monster (good)
 16545 | Bailey   | Got a heavily runed cloak
 16556 | Bailey   | Identified the +4 cloak of Maloug {*Corrode +Fly rC+} (You
                  | found it in a bailey)
 16695 | Bailey   | XOM: scenery: 1 fountains blood, 1 doors close
 17261 | D:11     | XOM: scenery: create altars
 17326 | D:11     | XOM: summons 11 friendly demons
 17360 | D:11     | XOM: polymorph white imp -> quasit
 17448 | D:11     | Found a portal to a secret trove of treasure.
 17812 | D:11     | XOM: scenery: create altars
 17883 | D:11     | XOM: scenery: create altars
 18031 | D:12     | XOM: summons friendly crimson imp
 18082 | D:12     | XOM: scenery: 2 doors open
 18146 | D:12     | Found a staircase to the Orcish Mines.
 18248 | D:12     | XOM: polymorph yak -> queen bee
 18330 | D:12     | XOM: give mutations
 18330 | D:12     | Gained mutation: Your muscles are very strong. (Str +4)
                  | [Xom's grace]
 18330 | D:12     | Gained mutation: You have a pair of small horns on your
                  | head. [Xom's grace]
 18435 | D:12     | XOM: 5-stop teleportation journey
 18760 | Orc:1    | Entered Level 1 of the Orcish Mines
 19225 | Orc:2    | Entered Level 2 of the Orcish Mines
 19225 | Orc:2    | Found a staircase to the Elven Halls.
 19226 | Orc:2    | Noticed Saint Roka
 19301 | Orc:2    | Noticed Donald
 19315 | Orc:2    | Killed Donald
 19316 | Orc:2    | XOM: polymorph juvenile shockweird beast -> swamp worm
 19362 | Orc:2    | XOM: god gift: scroll of fog
 19398 | Orc:2    | Noticed Rupert
 19409 | Orc:2    | Killed Rupert
 19426 | Orc:2    | Found Sorhaun's Magic Scroll Shoppe.
 19523 | Orc:2    | XOM: scenery: create altars
 19588 | Orc:2    | Noticed an orc warlord
 19598 | Orc:2    | an orc warlord changed into a death yak
 19598 | Orc:2    | XOM: polymorph orc warlord -> death yak
 19623 | Orc:2    | Found a dark tunnel.
 19628 | Volcano  | Entered a volcano
 19638 | Volcano  | XOM: fog
 19711 | Volcano  | XOM: divine lightning
 19924 | Orc:2    | XOM: god gift: thick platinum amulet {god gift}
 19973 | Orc:2    | XOM is BORED!
 19973 | Orc:2    | XOM: give mutations
 19973 | Orc:2    | Gained mutation: You have supernaturally acute eyesight.
                  | (SInv) [Xom's mischief]
 19973 | Orc:2    | Gained mutation: You are robust. (+10% HP) [Xom's mischief]
 19973 | Orc:2    | Lost mutation: You occasionally shout uncontrollably at
                  | your foes. [Xom's mischief]
 19973 | Orc:2    | Gained mutation: You are partially covered in iridescent
                  | scales. (AC +2) [Xom's mischief]
 20052 | Orc:2    | XOM: scenery: create altars
 20111 | Orc:2    | Reached XP level 16. HP: 92/93 MP: 29/29
 20137 | Orc:2    | XOM: divination: detect creatures
 20138 | Orc:2    | XOM: destruction
 20143 | Orc:2    | XOM: harmless Pois miscast
 20188 | Orc:1    | XOM: harmless Air miscast
 20220 | Orc:2    | XOM: divination: detect items
 20224 | Orc:2    | XOM: divination: magic mapping
 20244 | Orc:1    | XOM: summons friendly crimson imp
 20255 | Orc:1    | Killed Saint Roka
 20457 | Orc:2    | Bought 2 scrolls of holy word for 195 gold pieces
 20488 | Orc:2    | Found Tun Sumn's Book Shop.
 20488 | Orc:2    | Found Keryanez's Antique Weapon Shoppe.
 20490 | Orc:2    | Found Quruvvom's General Store.
 20492 | Orc:2    | Found Fuokin's Antique Armour Boutique.
 20504 | Orc:2    | Bought a pair of glowing gloves for 232 gold pieces
 20518 | Orc:2    | Bought a manual of Armour for 1435 gold pieces
 21011 | D:13     | Noticed Sonja
 21016 | D:13     | Killed Sonja
 21077 | D:13     | Found a gate to the Vaults.
 21116 | D:13     | Got a shimmering helmet
 21117 | D:13     | Identified the +0 helmet of Disaster {*Drain rElec rN+}
                  | (You found it on level 13 of the Dungeon)
 21133 | D:13     | XOM: swap monsters
 21564 | D:14     | XOM: stealth player
 21614 | D:14     | Noticed Kirke
 21626 | D:14     | XOM: enchant monster (good)
 21638 | D:14     | Killed Kirke
 21638 | D:14     | Reached skill level 5 in Armour
 21702 | D:14     | XOM: harmless Air miscast
 21708 | D:14     | XOM: mild Chrm miscast
 21709 | D:14     | XOM: destruction
 21722 | D:14     | XOM: confuse monster(s)
 21731 | D:14     | Noticed Snorg
 21737 | D:14     | XOM: fog
 21742 | D:14     | Killed Snorg
 21826 | D:14     | XOM: mild Hex miscast
 21838 | D:14     | Found a frozen archway.
 21838 | D:14     | XOM: 3-stop teleportation journey
 21846 | D:14     | XOM: enchant monster (bad)
 21847 | D:14     | XOM: summons 3 hostile demons
 21859 | D:14     | XOM: divination: detect items
 21893 | D:14     | XOM: summons 4 hostile shadow creatures
 21956 | D:14     | XOM: confusion
 21957 | D:14     | XOM: swap monsters
 21961 | D:14     | XOM: polymorph eight-headed hydra -> death yak
 21983 | IceCv    | Entered an ice cave
 22106 | IceCv    | Found the +4 moon troll leather armour {Spirit, Regen++
                  | MP+5}
 22278 | IceCv    | XOM: summons 3 friendly demons
 22363 | IceCv    | XOM: confusion (+ monsters)
 22369 | IceCv    | XOM: smoke on damage
 22396 | IceCv    | XOM: give mutation
 22396 | IceCv    | Lost mutation: You are robust. (+10% HP) [Xom's mischief]
 22895 | D:14     | XOM: god gift: 7 rations
 23119 | D:14     | XOM: mild Tmut miscast
 23125 | D:15     | Entered Level 15 of the Dungeon
 23158 | D:15     | Learned a level 3 spell: Gell's Gravitas
 23243 | D:15     | XOM: noise
 23261 | D:15     | Found a sparkling altar of Nemelex Xobeh.
 23261 | D:15     | Found a staircase to the Depths.
 23261 | D:15     | XOM: 7-stop teleportation journey
 23294 | D:15     | XOM: cast spell 'Alistair's Intoxication'
 23300 | D:15     | XOM: confusion (+ monsters)
 23370 | D:15     | XOM: draining
 23476 | D:15     | Reached XP level 17. HP: 68/91 MP: 30/30
 23784 | D:15     | XOM: mild Hex miscast
 24102 | Spider:1 | Entered Level 1 of the Spider Nest
 24179 | Spider:1 | XOM: cast spell 'Summon Butterflies'
 24180 | Spider:1 | XOM: confuse monster(s)
 24388 | Spider:1 | XOM: harmless Summ miscast
 24627 | Spider:2 | XOM: noise
 24627 | Spider:2 | Noticed Arachne
 24628 | Spider:2 | XOM: summons friendly ufetubus
 24674 | Spider:2 | XOM: mild Air miscast
 24677 | Spider:2 | XOM: divination: detect creatures
 24683 | Spider:2 | XOM: enchant monster (bad)
 24688 | Spider:2 | Killed Arachne
 24701 | Spider:2 | XOM: harmless Ice miscast
 24704 | Spider:2 | XOM: confuse monster(s)
 24716 | Spider:2 | XOM: divination: magic mapping
 24760 | Spider:2 | XOM: silly message
 24815 | Spider:2 | XOM: potion effect (might)
 24906 | Spider:2 | XOM: harmless Hex miscast
 24908 | Spider:2 | XOM: potion effect (might)
 24909 | Spider:2 | XOM: potion effect (experience)
 24909 | Spider:2 | Reached skill level 15 in Stealth
 24909 | Spider:2 | Reached XP level 18. HP: 96/96 MP: 31/31
 24970 | Spider:2 | XOM: silly message
 24976 | Spider:2 | XOM: potion effect (might)
 25051 | Spider:2 | XOM: potion effect (might)
 25059 | Spider:2 | XOM: give mutation
 25059 | Spider:2 | Gained mutation: Your flesh is cold resistant. (rC+) [Xom's
                  | grace]
 25134 | Spider:2 | XOM: cloud trail
 25332 | Spider:3 | XOM: harmless Fire miscast
 25647 | Spider:3 | XOM: silly message
 25747 | Spider:3 | XOM: confuse monster(s)
 25765 | Spider:3 | XOM: confusion (+ monsters)
 25776 | Spider:3 | Reached skill level 10 in Armour
 25813 | Spider:3 | XOM: potion effect (might)
 25816 | Spider:3 | XOM: harmless Fire miscast
 25894 | Spider:3 | XOM: 6-stop teleportation journey
 26378 | Spider:3 | XOM: give mutations
 26378 | Spider:3 | Gained mutation: You are mostly covered in iridescent
                  | scales. (AC +4) [Xom's grace]
 26378 | Spider:3 | Gained mutation: You are somewhat resistant to further
                  | mutation. [Xom's grace]
 26378 | Spider:3 | Gained mutation: Your mind is acute. (Int +2) [Xom's grace]
 26378 | Spider:3 | Gained mutation: You are robust. (+10% HP) [Xom's grace]
 26515 | Spider:4 | Entered Level 4 of the Spider Nest
 26538 | Spider:4 | Reached XP level 19. HP: 112/112 MP: 32/32
 26546 | Spider:4 | XOM: enchant monster (good)
 26589 | Spider:4 | XOM: noise
 26614 | Spider:4 | Noticed Roxanne
 26677 | Spider:4 | Killed Roxanne
 26727 | Spider:4 | XOM: enchant monster (good)
 26765 | Spider:4 | XOM: enchant monster (good)
 26785 | Spider:4 | Reached skill level 15 in Dodging
 26797 | Spider:4 | XOM: summons 2 friendly demons
 26831 | Spider:4 | XOM: medium Tmut miscast
 26965 | Spider:4 | XOM: mild Ice miscast
 27254 | Spider:4 | XOM: medium Hex miscast
 27305 | Spider:4 | XOM: harmless Fire miscast
 27338 | Spider:4 | XOM: enchant monster (good)
 27382 | Spider:4 | XOM: polymorph wolf spider -> ettin
 27529 | Spider:4 | XOM: confusion (+ monsters)
 27575 | Spider:4 | XOM: confusion (+ monsters)
 27576 | Spider:4 | XOM: divination: detect items
 27810 | Spider:4 | XOM: scenery: 2 doors open
 27875 | Spider:4 | XOM: divination: detect items
 27882 | Spider:4 | XOM: potion effect (agility)
 27949 | Spider:4 | Got a gossamer rune of Zot
 28078 | Spider:4 | XOM: harmless Conj miscast
 28211 | Swamp:1  | Entered Level 1 of the Swamp
 28376 | Swamp:1  | Noticed Jorgrun
 28379 | Swamp:1  | Killed Jorgrun
 28539 | Swamp:1  | XOM: silly message
 28735 | Swamp:1  | XOM: harmless Fire miscast
 28854 | Swamp:2  | XOM: potion effect (agility)
 29115 | Lair:2   | XOM: god gift: 55 gold pieces
 29238 | D:11     | You paid a toll of 2 scrolls of acquirement to enter a
                  | treasure trove
 29239 | Trove    | Entered a treasure trove
 29252 | Trove    | Got a sparkling wooden ring
 29263 | Trove    | Got a pitted ruby amulet
 29265 | Trove    | Identified the amulet of Zycutun {Harm *Drain rC+ rN+ MR++}
                  | (You found it in a treasure trove)
 29267 | Trove    | Got a spiked buckler
 29280 | Trove    | Identified the +0 buckler of Daisies {Dex+4} (You found it
                  | in a treasure trove)
 29308 | Trove    | Identified the ring of Noqauggoden {Wiz *Corrode +Blink
                  | rElec rN+} (You found it in a treasure trove)
 29733 | Swamp:2  | XOM: harmless Tmut miscast
 30248 | Swamp:2  | XOM: mild Ice miscast
 30306 | Swamp:2  | XOM: give mutations
 30306 | Swamp:2  | Lost mutation: Your mind is acute. (Int +2) [Xom's
                  | mischief]
 30306 | Swamp:2  | Lost mutation: You are somewhat resistant to further
                  | mutation. [Xom's mischief]
 30306 | Swamp:2  | Lost mutation: You are mostly covered in iridescent scales.
                  | (AC +4) [Xom's mischief]
 30306 | Swamp:2  | Lost mutation: You have a pair of small horns on your head.
                  | [Xom's mischief]
 30500 | Lair:1   | XOM: give mutations
 30500 | Lair:1   | Lost mutation: You have supernaturally acute eyesight.
                  | (SInv) [Xom's mischief]
 30500 | Lair:1   | Lost mutation: You are robust. (+10% HP) [Xom's mischief]
 30574 | D:12     | XOM is BORED!
 30791 | D:12     | XOM: medium Ice miscast
 30796 | D:12     | XOM: noise
 30882 | Lair:2   | XOM: give mutations
 30882 | Lair:2   | Gained mutation: Your body sometimes deteriorates upon
                  | taking damage. [Xom's mischief]
 30882 | Lair:2   | Lost mutation: You are resistant to hostile enchantments.
                  | (MR+) [Xom's mischief]
 30882 | Lair:2   | Lost mutation: You are partially covered in yellow scales.
                  | (AC +2) [Xom's mischief]
 30882 | Lair:2   | Lost mutation: Your body sometimes deteriorates upon taking
                  | damage. [Xom's mischief]
 31032 | Swamp:3  | XOM: silly message
 31208 | Swamp:3  | XOM: silly message
 31372 | Swamp:3  | XOM: divination: detect items
 31657 | Swamp:4  | Entered Level 4 of the Swamp
 31741 | Swamp:4  | XOM: god gift: 17 gold pieces
 31752 | Swamp:4  | XOM: smoke on damage
 31906 | Swamp:4  | XOM: cast spell 'Disjunction'
 31920 | Swamp:4  | XOM: cast spell 'Summon Butterflies'
 31924 | Swamp:4  | XOM: summons friendly crimson imp
 32026 | Swamp:4  | XOM: divination: detect creatures
 32092 | Swamp:4  | XOM: summons friendly neqoxec
 32094 | Swamp:4  | XOM: summons friendly shadow imp
 32113 | Swamp:4  | Noticed the 27-headed Lernaean hydra
 32124 | Swamp:4  | Reached XP level 20. HP: 106/109 MP: 33/33
 32127 | Swamp:4  | XOM: divine lightning
 32132 | Swamp:4  | Killed the 27-headed Lernaean hydra
 32138 | Swamp:4  | XOM: divination: magic mapping
 32145 | Swamp:4  | XOM: god gift: 940 gold pieces
 32160 | Swamp:4  | XOM: summons 13 friendly demons
 32179 | Swamp:4  | XOM: 2-stop teleportation journey
 32438 | Swamp:4  | Got a decaying rune of Zot
 32842 | Swamp:4  | XOM: give mutations
 32842 | Swamp:4  | Gained mutation: You tend to lose your temper in combat.
                  | [Xom's mischief]
 32842 | Swamp:4  | Lost mutation: Your muscles are very strong. (Str +4)
                  | [Xom's mischief]
 32842 | Swamp:4  | Gained mutation: You have a pair of small horns on your
                  | head. [Xom's mischief]
 32842 | Swamp:4  | Lost mutation: You have a pair of small horns on your head.
                  | [Xom's mischief]
 32843 | Swamp:4  | Lost mutation: Your muscles are strong. (Str +2) [potion of
                  | mutation]
 32843 | Swamp:4  | Lost mutation: Your flesh is cold resistant. (rC+) [potion
                  | of mutation]
 32843 | Swamp:4  | Lost mutation: You tend to lose your temper in combat.
                  | [potion of mutation]
 32843 | Swamp:4  | Gained mutation: Your spells are a little easier to cast,
                  | but a little less powerful. [potion of mutation]
 32843 | Swamp:4  | Gained mutation: You have a pair of small horns on your
                  | head. [potion of mutation]
 32903 | Swamp:4  | XOM: give mutations
 32903 | Swamp:4  | Gained mutation: Your mind is acute. (Int +2) [Xom's
                  | mischief]
 32903 | Swamp:4  | Lost mutation: Your mind is acute. (Int +2) [Xom's
                  | mischief]
 32903 | Swamp:4  | Lost mutation: Your spells are a little easier to cast, but
                  | a little less powerful. [Xom's mischief]
 33170 | Vaults:1 | Entered Level 1 of the Vaults
 33201 | Vaults:1 | XOM: cast spell 'Chain of Chaos'
 33208 | Vaults:1 | XOM: fake destruction
 33227 | Vaults:1 | XOM: cleaving
 33305 | Vaults:1 | XOM: enchant monster (good)
 33383 | Vaults:1 | XOM: chaos upgrade
 33482 | Vaults:1 | XOM: blink monster(s)
 33580 | Vaults:1 | XOM: noise
 33601 | Vaults:1 | XOM: severe Pois miscast
 33616 | Vaults:1 | XOM: divination: detect creatures
 33663 | Vaults:1 | XOM: silly message
 34016 | Vaults:1 | XOM: silly message
 34315 | Vaults:1 | XOM: divination: detect items
 34579 | Vaults:2 | Found a staircase to the Crypt.
 34579 | Vaults:2 | Found a basalt altar of Yredelemnul.
 34580 | Vaults:2 | Found an ancient bone altar of Kikubaaqudgha.
 34614 | Vaults:2 | Found Maclut's Assorted Antiques.
 34620 | Vaults:2 | XOM: fog
 34638 | Vaults:2 | XOM: summons 5 friendly demons
 34640 | Vaults:2 | XOM: enchant monster (good)
 34668 | Vaults:2 | Bought a scroll labeled JOSUMM DEITWOZ for 26 gold pieces
 34785 | Vaults:2 | XOM: scenery: 4 doors close
 34944 | Vaults:2 | XOM: scenery: 3 doors close
 34985 | Vaults:2 | XOM: 2-stop teleportation journey
 35187 | Vaults:2 | XOM: divination: detect items
 35189 | Vaults:2 | XOM: polymorph vault warden -> azure jelly
 35194 | Vaults:2 | XOM: cleaving
 35197 | Vaults:2 | XOM: cast spell 'Leda's Liquefaction'
 35275 | Vaults:2 | XOM: divine lightning
 35284 | Vaults:2 | XOM: scenery: 1 doors close
 35452 | Vaults:2 | XOM: scenery: 1 doors close
 35504 | Vaults:2 | XOM: divination: detect creatures
 35508 | Vaults:2 | XOM: divination: detect creatures
 35532 | Vaults:2 | XOM: polymorph deep elf mage -> swamp dragon
 35536 | Vaults:2 | XOM: potion effect (agility)
 35541 | Vaults:2 | Reached XP level 21. HP: 110/116 MP: 34/34
 35543 | Vaults:2 | XOM: confuse monster(s)
 35547 | Vaults:2 | XOM: potion effect (might)
 35785 | Vaults:3 | XOM: medium Air miscast
 35798 | Vaults:3 | XOM: harmless Fire miscast
 35809 | Vaults:3 | XOM: potion effect (curing)
 35810 | Vaults:3 | XOM: swap monsters
 35833 | Vaults:3 | XOM: noise
 35856 | Vaults:3 | XOM: potion effect (agility)
 35898 | Vaults:3 | XOM: cleaving
 36071 | Vaults:3 | XOM is BORED!
 36071 | Vaults:3 | XOM: 2-stop teleportation journey
 36125 | Vaults:3 | Reached skill level 15 in Fighting
 36232 | Vaults:3 | XOM: fog
 36235 | Vaults:3 | XOM: fake destruction
 36301 | Vaults:3 | XOM: 2-stop teleportation journey
 36369 | Vaults:3 | XOM: polymorph ironheart preserver -> dire elephant
 36560 | Vaults:3 | XOM: cast spell 'Shadow Creatures'
 36572 | Vaults:3 | XOM: polymorph necromancer -> wolf spider
 36780 | Vaults:3 | Noticed Mara
 36807 | Vaults:3 | Killed Mara
 36815 | Vaults:3 | Identified the +1 war axe "Wyxkyq" {holy, MR+ Str+3}
 36826 | Vaults:3 | XOM: summons 11 friendly demons
 37358 | Vaults:4 | XOM: polymorph ironheart preserver -> death yak
 37372 | Vaults:4 | XOM: cast spell 'Summon Ice Beast'
 37493 | Vaults:4 | XOM: confuse monster(s)
 37499 | Vaults:4 | XOM: enchant monster (good)
 37509 | Vaults:4 | XOM: confuse monster(s)
 37514 | Vaults:4 | XOM: potion effect (brilliance)
 37644 | Vaults:4 | XOM: silly message
 37660 | Vaults:4 | Noticed an ancient lich
 37663 | Vaults:4 | Killed an ancient lich
 37755 | Vaults:4 | Reached XP level 22. HP: 123/123 MP: 35/35
 37809 | Vaults:4 | XOM: confusion
 37814 | Vaults:4 | XOM: noise
 37820 | Vaults:4 | XOM: draining
 37827 | Vaults:4 | XOM: swap monsters
 38320 | Vaults:5 | Entered Level 5 of the Vaults
 38595 | Elf:1    | Entered Level 1 of the Elven Halls
 38710 | Elf:1    | Found a deep blue altar of Sif Muna.
 39037 | Elf:1    | XOM: 1-stop teleportation journey
 39407 | Elf:1    | XOM: give mutations
 39407 | Elf:1    | Gained mutation: You are frail. (-10% HP) [Xom's mischief]
 39407 | Elf:1    | Gained mutation: You occasionally shout uncontrollably at
                  | your foes. [Xom's mischief]
 39422 | Elf:1    | XOM: chaos cloud
 39428 | Elf:1    | Found a runed translucent gate.
 39428 | Elf:1    | Found a runed translucent gate.
 39428 | Elf:1    | Found a runed translucent gate.
 39428 | Elf:1    | Found a runed translucent gate.
 39428 | Elf:1    | Found a runed translucent gate.
 39433 | Elf:1    | XOM: confusion (+ monsters)
 39438 | Elf:1    | Found a runed translucent gate.
 39444 | Elf:1    | Lost mutation: You are frail. (-10% HP) [potion of
                  | mutation]
 39444 | Elf:1    | Lost mutation: You have a pair of small horns on your head.
                  | [potion of mutation]
 39444 | Elf:1    | Gained mutation: You tend to lose your temper in combat.
                  | [potion of mutation]
 39444 | Elf:1    | Gained mutation: Your system is resistant to poisons.
                  | (rPois) [potion of mutation]
 39444 | Elf:1    | Gained mutation: You have a pair of small antennae on your
                  | head. [potion of mutation]
 39465 | Elf:1    | XOM: divination: detect creatures
 39672 | Elf:1    | XOM: mild Tloc miscast
 39766 | Elf:2    | Found Mineor's Magic Scroll Boutique.
 39784 | Elf:2    | Bought a scroll of magic mapping for 63 gold pieces
 39807 | Elf:2    | XOM: confuse monster(s)
 39808 | Elf:2    | XOM: enchant monster (bad)
 39813 | Elf:2    | XOM: enchant monster (bad)
 39831 | Elf:2    | XOM: noise
 40024 | Elf:2    | Found a runed gate.
 40024 | Elf:2    | Found a runed gate.
 40026 | Elf:2    | Found a runed gate.
 40078 | Elf:2    | XOM: god gift: jewelled hat {god gift}
 40082 | Elf:2    | Got a jewelled hat {god gift}
 40088 | Elf:2    | Identified the +1 hat of Free Expression {Int+8} (Xom
                  | gifted it to you on level 2 of the Elven Halls)
 40094 | Elf:2    | Learned a level 5 spell: Aura of Abjuration
 40397 | Elf:2    | Reached skill level 1 in Summonings
 40438 | Elf:2    | XOM: cast spell 'Shadow Creatures'
 40464 | Elf:2    | XOM: scenery: create altars
 40465 | Elf:2    | XOM: cleaving
 40506 | Elf:2    | XOM: scenery: create altars
 40580 | Elf:2    | XOM: enchant monster (bad)
 40590 | Elf:2    | XOM: divination: magic mapping
 40594 | Elf:2    | XOM: divination: detect items
 40624 | Elf:2    | XOM: divination: detect items
 40793 | Elf:3    | Entered Level 3 of the Elven Halls
 41026 | Elf:3    | Identified the +6 flail of the Solstice {freeze, rElec}
 41026 | Elf:3    | Identified the cursed +0 leather armour "Qeytidwy" {rN++
                  | MR-}
 41110 | Elf:3    | XOM: enchant monster (good)
 41112 | Elf:3    | XOM: enchant monster (good)
 41138 | Elf:3    | XOM: cast spell 'Leda's Liquefaction'
 41499 | Elf:3    | Identified the +10 falchion of Tension {freeze, rC+ Int+5}
 41595 | Elf:3    | XOM: noise
 41900 | Elf:3    | Reached XP level 23. HP: 130/130 MP: 36/36
 41941 | Elf:3    | Reached skill level 5 in Summonings
 42084 | Elf:3    | Identified the +8 whip of Vosuatenk {drain, rPois rF++}
 42084 | Elf:3    | Identified the ring "Runoir" {Ice *Corrode rN++ Int-3
                  | Dex+8}
 42137 | Elf:3    | XOM: chaos upgrade
 42194 | Elf:3    | Identified the +11 hand axe of Ancient Evil {freeze, rElec
                  | rF+ Int-5 SInv}
 42207 | Elf:3    | XOM: smoke on damage
 42219 | Elf:3    | XOM: enchant monster (good)
 42241 | Elf:3    | Identified the Volume of the Ashen Escort
 42288 | Elf:3    | XOM: enchant monster (good)
 42297 | Elf:3    | XOM: enchant monster (bad)
 42343 | Elf:3    | Identified the +2 quarterstaff of Seara {pain, Str+8 Int+3
                  | Dex-2}
 42490 | Elf:3    | XOM is BORED!
 42783 | Depths:1 | Entered Level 1 of the Depths
 42799 | Depths:1 | XOM: confusion (+ monsters)
 42812 | Depths:1 | Reached skill level 10 in Short Blades
 42814 | Depths:1 | XOM: noise
 42822 | Depths:1 | XOM: mild Ice miscast
 42835 | Depths:1 | XOM: 1-stop teleportation journey
 42867 | Depths:1 | XOM: give mutations
 42867 | Depths:1 | Gained mutation: You are partially covered in slimy green
                  | scales. (AC +2) [Xom's grace]
 42867 | Depths:1 | Gained mutation: You are somewhat resistant to further
                  | mutation. [Xom's grace]
 42867 | Depths:1 | Gained mutation: Your mind is acute. (Int +2) [Xom's grace]
 42875 | Depths:1 | Found a gateway to Hell.
 42903 | Depths:1 | Found a runed door.
 42906 | Depths:1 | Noticed Eguij Fesh's ghost (legendary FoFi)
 42911 | Depths:1 | XOM: polymorph yaktaur captain -> storm dragon
 42984 | Depths:1 | Found a magical portal.
 42986 | Depths:1 | XOM: enchant monster (good)
 42998 | Depths:1 | XOM: mild Erth miscast
 43014 | WizLab   | Entered Lehudib's Moon Base
 43014 | WizLab   | XOM: stealth player
 43076 | WizLab   | Found a transporter.
 43111 | WizLab   | XOM: silly message
 43116 | WizLab   | XOM: enchant monster (good)
 43312 | WizLab   | Lost mutation: You have a pair of small antennae on your
                  | head. [potion of mutation]
 43312 | WizLab   | Lost mutation: Your system is resistant to poisons. (rPois)
                  | [potion of mutation]
 43312 | WizLab   | Lost mutation: You are somewhat resistant to further
                  | mutation. [potion of mutation]
 43312 | WizLab   | Gained mutation: Your system is resistant to poisons.
                  | (rPois) [potion of mutation]
 43312 | WizLab   | Gained mutation: Your spells are a little easier to cast,
                  | but a little less powerful. [potion of mutation]
 43312 | WizLab   | Gained mutation: You are agile. (Dex +2) [potion of
                  | mutation]
 43313 | WizLab   | Lost mutation: Your mind is acute. (Int +2) [potion of
                  | mutation]
 43313 | WizLab   | Lost mutation: Your system is resistant to poisons. (rPois)
                  | [potion of mutation]
 43313 | WizLab   | Lost mutation: Your spells are a little easier to cast, but
                  | a little less powerful. [potion of mutation]
 43313 | WizLab   | Lost mutation: You tend to lose your temper in combat.
                  | [potion of mutation]
 43313 | WizLab   | Gained mutation: Your body sometimes deteriorates upon
                  | taking damage. [potion of mutation]
 43313 | WizLab   | Gained mutation: Your flesh is cold resistant. (rC+)
                  | [potion of mutation]
 43425 | WizLab   | XOM: enchant monster (good)
 43439 | WizLab   | Identified the ring of the Butterfly {rCorr SInv Stlth+}
                  | (You found it in a wizard's laboratory)
 43488 | WizLab   | XOM: god gift: 56 gold pieces
 43507 | WizLab   | XOM: destruction
 43512 | WizLab   | XOM: confuse monster(s)
 43542 | WizLab   | XOM: fog
 43553 | WizLab   | Found a transporter.
 43602 | WizLab   | Noticed a golden dragon
 43602 | WizLab   | a brown very ugly thing changed into a golden dragon
 43602 | WizLab   | XOM: polymorph brown very ugly thing -> golden dragon
 43611 | WizLab   | XOM: scenery: create altars
 43622 | WizLab   | XOM: 5-stop teleportation journey
 43955 | WizLab   | XOM: harmless Summ miscast
 43959 | WizLab   | XOM: divination: detect creatures
 44009 | WizLab   | XOM: enchant monster (good)
 44214 | WizLab   | Killed a golden dragon
 44388 | WizLab   | Identified the +3 troll leather armour of Inaction {rF+
                  | Regen+ Str+4}
 44438 | WizLab   | XOM: confuse monster(s)
 44488 | WizLab   | Identified the ring "Gaeblio" {Wiz rElec rC+ MR- SInv} (You
                  | found it in a wizard's laboratory)
 44585 | Depths:1 | XOM: noise
 44587 | Depths:1 | XOM: torment (83/134 hp)
 44600 | Depths:1 | XOM: enchant monster (bad)
 44605 | Depths:1 | XOM: potion effect (agility)
 44678 | Depths:1 | Reached XP level 24. HP: 132/139 MP: 36/36
 44686 | Depths:1 | XOM: mild Fire miscast
 45024 | D:12     | XOM: mild Tmut miscast
 45080 | Elf:1    | XOM: harmless Tmut miscast
 45125 | Elf:2    | Bought a scroll of enchant armour for 135 gold pieces
 45219 | Elf:2    | XOM: give mutation
 45219 | Elf:2    | Gained mutation: You are very agile. (Dex +4) [Xom's grace]
 45759 | Elf:1    | XOM: give mutation
 45759 | Elf:1    | Gained mutation: You evolve. [Xom's grace]
 46042 | D:14     | XOM: scenery: 1 doors open, 1 doors close
 46077 | Depths:1 | XOM: give mutations
 46077 | Depths:1 | Gained mutation: You have supernaturally acute eyesight.
                  | (SInv) [Xom's grace]
 46077 | Depths:1 | Gained mutation: You possess an exceptional clarity of
                  | mind. [Xom's grace]
 46077 | Depths:1 | Gained mutation: You are mostly covered in slimy green
                  | scales. (AC +3) [Xom's grace]
 46095 | Depths:1 | XOM: destruction
 46173 | Depths:1 | Identified the +5 faerie dragon scales {*Corrode rPois rN+
                  | rCorr MP+5 Str+2}
 46173 | Depths:1 | Noticed the Enchantress
 46198 | Depths:1 | XOM: summons friendly quasit
 46213 | Depths:1 | XOM: blink monster(s)
 46229 | Depths:1 | Killed the Enchantress
 46236 | Depths:1 | XOM: destruction
 46271 | Depths:1 | XOM: polymorph quasit -> crimson imp
 46310 | Depths:1 | Reached skill level 5 in Shields
 46347 | Depths:1 | XOM: confuse monster(s)
 46410 | Depths:1 | XOM: scenery: 1 doors close
 46479 | Depths:1 | XOM: enchant monster (good)
 46508 | Depths:1 | XOM: potion effect (might)
 46521 | Depths:1 | Killed Eguij Fesh's ghost
 46601 | Depths:1 | XOM: summons 2 friendly demons
 46745 | Depths:2 | XOM: summons 5 friendly demons
 46750 | Depths:2 | XOM: confuse monster(s)
 46797 | Depths:2 | XOM: enchant monster (bad)
 46818 | Depths:2 | XOM: enchant monster (good)
 46827 | Depths:2 | XOM: summons friendly ufetubus
 47063 | Depths:2 | XOM: summons 2 friendly demons
 47107 | Depths:2 | XOM: blink monster(s)
 47117 | Depths:2 | XOM: divination: detect creatures
 47121 | Depths:2 | XOM: cast spell 'Olgreb's Toxic Radiance'
 47133 | Depths:2 | XOM: blink monster(s)
 47138 | Depths:2 | XOM: mild Air miscast
 47143 | Depths:2 | XOM: divination: detect creatures
 47152 | Depths:2 | XOM: cast spell 'Dispersal'
 47155 | Depths:2 | XOM: silly message
 47238 | Depths:2 | XOM: god gift: scroll of fog
 47348 | Depths:2 | Found Yblauf's Armour Shop.
 47876 | Depths:3 | XOM: 2-stop teleportation journey
 47882 | Depths:3 | XOM: summons 2 hostile demons
 47897 | Depths:3 | XOM: summons friendly iron imp
 47898 | Depths:3 | XOM: enchant monster (bad)
 47918 | Depths:3 | XOM: potion effect (berserk rage)
 47929 | Depths:3 | XOM: potion effect (invisibility)
 47930 | Depths:3 | XOM: potion effect (agility)
 47958 | Depths:3 | XOM: potion effect (invisibility)
 47968 | Depths:3 | XOM: potion effect (magic)
 48029 | Depths:3 | XOM: blink monster(s)
 48050 | Depths:3 | XOM: potion effect (haste)
 48117 | Depths:3 | XOM: god gift: potion of lignification
 48147 | Depths:3 | XOM: noise
 48225 | Depths:3 | XOM: smoke on damage
 48229 | Depths:3 | XOM: divination: detect items
 48230 | Depths:3 | XOM: cast spell 'Leda's Liquefaction'
 48260 | Depths:3 | Reached skill level 10 in Shields
 48436 | Depths:3 | Found a one-way gate leading to the halls of Pandemonium.
 48549 | Depths:3 | Identified the cursed +0 chain mail "Koerotyo" {rPois rF+
                  | Int+2} (You found it on level 3 of the Depths)
 48634 | Depths:3 | XOM: summons 16 friendly demons
 48722 | Depths:4 | Found Gozag's Assorted Antiques.
 48722 | Depths:4 | Found a one-way gate to the infinite horrors of the Abyss.
 48730 | Depths:4 | Reached XP level 25. HP: 147/147 MP: 36/36
 48734 | Depths:4 | XOM: potion effect (agility)
 48797 | Depths:4 | Found an opulent altar of Gozag.
 48802 | Depths:4 | Found Gozag's Antique Weapon Shoppe.
 48805 | Depths:4 | Found Gozag's Assorted Antiques.
 48815 | Depths:4 | XOM: cleaving
 49047 | Depths:4 | Found Wieth's Jewellery Shop.
 49048 | Depths:4 | Found Vuth's Gadget Emporium.
 49048 | Depths:4 | Found Xaeheat's Gadget Emporium.
 49574 | Depths:4 | XOM: god gift: potion of magic
 49648 | Depths:4 | Noticed Boris
 49671 | Depths:4 | Killed Boris
 49725 | Depths:4 | XOM: god gift: 42 gold pieces
 49754 | Depths:4 | XOM: divine lightning
 49758 | Depths:4 | XOM: fog
 49765 | Depths:4 | XOM: fake destruction
 49782 | Depths:4 | XOM: smoke on damage
 49784 | Depths:4 | XOM: divination: detect items
 50083 | Depths:5 | Entered Level 5 of the Depths
 50136 | Depths:5 | XOM: divination: detect items
 50139 | Depths:5 | XOM: confuse monster(s)
 50161 | Depths:5 | XOM: medium Ice miscast
 50204 | Depths:5 | XOM: scenery: create altars
 50235 | Depths:5 | XOM: give mutations
 50235 | Depths:5 | Gained mutation: Your mind is acute. (Int +2) [Xom's grace]
 50235 | Depths:5 | Gained mutation: Your muscles are strong. (Str +2) [Xom's
                  | grace]
 50235 | Depths:5 | Gained mutation: You rapidly evolve. [Xom's grace]
 50329 | Depths:5 | XOM: cast spell 'Summon Horrible Things'
 50417 | Depths:5 | XOM: enchant monster (good)
 50475 | Depths:5 | Found a gateway to a ziggurat.
 50475 | Depths:5 | XOM: 8-stop teleportation journey
 50609 | Depths:5 | Found a gate to the Realm of Zot.
 50611 | Depths:5 | XOM: summons 11 friendly demons
 50861 | Depths:5 | XOM: divination: magic mapping
 50884 | Depths:5 | Gained mutation: You have sharp fingernails. [evolution]
 51194 | Depths:1 | XOM: give mutations
 51194 | Depths:1 | Gained mutation: Your muscles are very strong. (Str +4)
                  | [Xom's grace]
 51194 | Depths:1 | Gained mutation: Your mind is very acute. (Int +4) [Xom's
                  | grace]
 51245 | D:13     | XOM: god gift: runed scale mail {god gift}
 51357 | Crypt:1  | Entered Level 1 of the Crypt
 51507 | Crypt:1  | XOM: enchant monster (bad)
 51549 | Crypt:1  | XOM: potion effect (might)
 51648 | Crypt:1  | XOM: harmless Necr miscast
 51656 | Crypt:1  | XOM: give mutations
 51656 | Crypt:1  | Lost mutation: You occasionally shout uncontrollably at
                  | your foes. [Xom's mischief]
 51656 | Crypt:1  | Lost mutation: Your flesh is cold resistant. (rC+) [Xom's
                  | mischief]
 51656 | Crypt:1  | Lost mutation: Your mind is very acute. (Int +4) [Xom's
                  | mischief]
 51663 | Crypt:1  | XOM: chaos upgrade
 51681 | Crypt:1  | XOM: stat loss: -1 Str (19/20)
 51689 | Crypt:1  | XOM: summons 8 friendly demons
 51838 | Crypt:1  | You fall through a shaft!
 51853 | Crypt:2  | Noticed Sojobo
 51878 | Crypt:2  | XOM: blink monster(s)
 51883 | Crypt:2  | XOM: 1-stop teleportation journey
 51920 | Crypt:2  | Reached XP level 26. HP: 154/154 MP: 36/36
 52116 | Crypt:2  | XOM: enchant monster (good)
 52146 | Crypt:2  | Found an ancient bone altar of Kikubaaqudgha.
 52165 | Crypt:2  | XOM: swap monsters
 52433 | Crypt:2  | XOM: fake destruction
 52555 | Crypt:2  | XOM: give mutations
 52555 | Crypt:2  | Lost mutation: Your muscles are very strong. (Str +4)
                  | [Xom's mischief]
 52555 | Crypt:2  | Gained mutation: You are frail. (-10% HP) [Xom's mischief]
 52555 | Crypt:2  | Lost mutation: You are very agile. (Dex +4) [Xom's
                  | mischief]
 52624 | Crypt:2  | XOM: summons 2 friendly demons
 52642 | Crypt:2  | Killed Sojobo
 52666 | Crypt:2  | XOM: scenery: 6 doors open, 3 doors close
 52692 | Crypt:3  | Entered Level 3 of the Crypt
 53055 | Crypt:3  | XOM: scenery: create altars
 53154 | Crypt:3  | Found a basalt altar of Yredelemnul.
 53239 | Crypt:3  | XOM: give mutations
 53239 | Crypt:3  | Lost mutation: You possess an exceptional clarity of mind.
                  | [Xom's mischief]
 53239 | Crypt:3  | Lost mutation: Your muscles are strong. (Str +2) [Xom's
                  | mischief]
 53239 | Crypt:3  | Lost mutation: You have sharp fingernails. [Xom's mischief]
 53239 | Crypt:3  | Gained mutation: You have large cloven feet. [Xom's
                  | mischief]
 53283 | Crypt:3  | XOM: enchant monster (bad)
 53285 | Crypt:3  | XOM: draining
 53357 | Crypt:3  | XOM: swap monsters
 53363 | Crypt:3  | XOM: chaos cloud
 53439 | Crypt:3  | XOM: noise
 53615 | Crypt:3  | XOM: 6-stop teleportation journey
 53770 | Crypt:3  | XOM: summons 1 hostile shadow creature
 53789 | Crypt:3  | XOM: mild Conj miscast
 53886 | Crypt:3  | XOM: summons 1 hostile demon
 53887 | Crypt:3  | XOM: mild Necr miscast
 53889 | Crypt:3  | XOM: medium Conj miscast
 53999 | Crypt:3  | Found a staircase to the Tomb.
 54035 | Crypt:3  | Identified Axuciur's Catalogue of Evil Rites
 54062 | Crypt:3  | XOM: harmless Conj miscast
 54106 | Crypt:3  | XOM: enchant monster (good)
 54190 | Crypt:3  | XOM: 2-stop teleportation journey
 54296 | Crypt:3  | XOM: divination: detect items
 54305 | Crypt:3  | XOM: enchant monster (good)
 54313 | Crypt:3  | Identified Sif Muna's Catalogue of the Oath
 54402 | Crypt:3  | XOM: god gift: short smoking staff {god gift}
 54415 | Crypt:3  | Reached skill level 15 in Shields
 54531 | Crypt:3  | XOM: confuse monster(s)
 54549 | Crypt:3  | XOM: enchant monster (good)
 54570 | Crypt:3  | Found the +3 hat of Pondering {ponderous, MR+ MP+10 Int+5}
 54594 | Crypt:3  | Learned a level 3 spell: Regeneration
 54651 | Crypt:3  | Learned a level 2 spell: Swiftness
 54655 | Crypt:3  | Learned a level 3 spell: Vampiric Draining
 54742 | Crypt:2  | XOM: divination: detect creatures
 54790 | Crypt:1  | XOM: summons 8 friendly demons
 54801 | Crypt:1  | XOM: polymorph shadow imp -> iron imp
 54808 | Crypt:1  | XOM: swap monsters
 54814 | Crypt:1  | Reached skill level 1 in Charms
 54814 | Crypt:1  | Reached skill level 1 in Necromancy
 54817 | Crypt:1  | XOM: swap monsters
 54824 | Crypt:1  | Lost mutation: Your skin changes colour to match your
                  | surroundings (Stealth+). [potion of mutation]
 54824 | Crypt:1  | Lost mutation: You are agile. (Dex +2) [potion of mutation]
 54824 | Crypt:1  | Lost mutation: You are frail. (-10% HP) [potion of
                  | mutation]
 55461 | Depths:4 | Voluntarily entered the Abyss.
 55462 | Abyss:1  | Found a corrupted altar of Lugonu.
 55473 | Abyss:2  | Found a corrupted altar of Lugonu.
 55513 | Abyss:2  | XOM: mild Necr miscast
 55824 | Abyss:3  | XOM: give mutations
 55824 | Abyss:3  | Gained mutation: You have a pair of small horns on your
                  | head. [Xom's mischief]
 55824 | Abyss:3  | Lost mutation: You have a pair of small horns on your head.
                  | [Xom's mischief]
 55824 | Abyss:3  | Lost mutation: Your body sometimes deteriorates upon taking
                  | damage. [Xom's mischief]
 55837 | Abyss:3  | XOM: give mutations
 55837 | Abyss:3  | Gained mutation: You are frail. (-10% HP) [Xom's mischief]
 55837 | Abyss:3  | Gained mutation: Your body sometimes deteriorates upon
                  | taking damage. [Xom's mischief]
 55850 | Abyss:3  | XOM: blink monster(s)
 55877 | Abyss:3  | XOM: divination: magic mapping
 55878 | Abyss:3  | Got an abyssal rune of Zot
 55920 | Abyss:3  | XOM: give mutations
 55920 | Abyss:3  | Lost mutation: You rapidly evolve. [Xom's mischief]
 55920 | Abyss:3  | Lost mutation: You are frail. (-10% HP) [Xom's mischief]
 55964 | Depths:4 | Escaped the Abyss
 56043 | Depths:4 | XOM: give mutations
 56043 | Depths:4 | Lost mutation: Your body sometimes deteriorates upon taking
                  | damage. [Xom's mischief]
 56043 | Depths:4 | Gained mutation: Armour fits poorly on your strangely
                  | shaped body. [Xom's mischief]
 56043 | Depths:4 | Gained mutation: Your spells are a little harder to cast,
                  | but a little more powerful. [Xom's mischief]
 56121 | Zot:1    | Entered Level 1 of the Realm of Zot
 56224 | Zot:1    | XOM: blink monster(s)
 56230 | Zot:1    | XOM: swap monsters
 56296 | Zot:1    | XOM: harmless Air miscast
 56518 | Zot:1    | Gained mutation: You possess an exceptional clarity of
                  | mind. [evolution]
 56561 | Zot:1    | XOM: mild Hex miscast
 56569 | Zot:1    | Reached XP level 27. HP: 160/160 MP: 36/36
 56601 | Zot:1    | XOM: 9-stop teleportation journey
 56602 | Zot:1    | You fall through a shaft!
 56734 | Zot:1    | Identified the amulet of Yesterday {Gourm Int+4} (You found
                  | it on level 1 of the Realm of Zot)
 56947 | Zot:1    | XOM: torment (100/160 hp)
 57672 | Zot:2    | XOM: 1-stop teleportation journey
 57687 | Zot:2    | XOM: cast spell 'Summon Hydra'
 57696 | Zot:2    | XOM: divination: magic mapping
 57716 | Zot:2    | Reached skill level 5 in Necromancy
 57721 | Zot:2    | XOM: enchant monster (good)
 57865 | Depths:4 | Bought a sack of spiders for 300 gold pieces
 57865 | Depths:4 | Bought a wand of digging (7) for 330 gold pieces
 57865 | Depths:4 | Bought a box of beasts for 300 gold pieces
 58025 | D:13     | XOM: cloud trail
 58148 | D:8      | Bought a wand of digging (6) for 300 gold pieces
 58148 | D:8      | Bought a wand of digging (7) for 330 gold pieces
 58148 | D:8      | Bought a phantom mirror for 450 gold pieces
 58292 | D:5      | Identified the +1 falchion of Calipsefu {freeze, rPois}
                  | (You found it on level 5 of the Dungeon)
 58294 | D:5      | Killed LLavrengius's ghost
 58608 | Depths:4 | XOM: scenery: 2 doors open, 3 doors close
 58689 | Zot:2    | XOM: fog
 58696 | Zot:2    | XOM: confuse monster(s)
 58827 | Zot:2    | XOM: summons 12 friendly demons
 58865 | Zot:2    | XOM: potion effect (invisibility)
 58963 | Zot:2    | XOM: divination: detect creatures
 59031 | Zot:2    | You fall through a shaft for 2 floors!
 59039 | Zot:4    | XOM: 1-stop teleportation journey
 59049 | Zot:4    | XOM: divination: magic mapping
 59170 | Zot:4    | XOM: divination: magic mapping
 59173 | Zot:4    | XOM: harmless Conj miscast
 59280 | Zot:4    | XOM: enchant monster (good)
 59410 | Zot:4    | XOM: noise
 59411 | Zot:4    | XOM: blink monster(s)
 59434 | Zot:4    | XOM: divination: magic mapping
 59534 | Zot:3    | Noticed an orb of fire
 59543 | Zot:4    | XOM: cast spell 'Summon Ice Beast'
 59613 | Zot:4    | XOM: harmless Necr miscast
 59616 | Zot:4    | XOM: enchant monster (bad)
 59622 | Zot:4    | XOM: silly message
 59631 | Zot:4    | XOM: blink monster(s)
 59670 | Zot:3    | XOM: summons friendly iron imp
 59672 | Zot:4    | XOM: divination: detect creatures
 59725 | Zot:4    | XOM: summons 6 friendly demons
 59739 | Zot:4    | Killed an orb of fire
 59758 | Zot:4    | XOM: cast spell 'Summon Dragon'
 60023 | Zot:4    | XOM: god gift: 27 bolts
 60115 | Zot:4    | Found a runed gate.
 60115 | Zot:4    | Found a runed gate.
 60119 | Zot:4    | Found a runed gate.
 60122 | Zot:4    | Noticed Alant's ghost (legendary SpEn)
 60123 | Zot:4    | Noticed Efuif's ghost (legendary SpEn)
 60123 | Zot:4    | Noticed Ugofegei's ghost (veteran MiBe)
 60259 | Zot:4    | XOM: cast spell 'Summon Ice Beast'
 60358 | Zot:4    | XOM: god gift: ration
 60612 | Zot:2    | XOM: confuse monster(s)
 60722 | Zot:2    | XOM: scenery: create altars
 60882 | Zot:3    | XOM: summons 16 friendly demons
 60892 | Zot:3    | XOM: destruction
 60906 | Zot:3    | XOM: polymorph white imp -> crimson imp
 60911 | Zot:3    | XOM: divination: detect creatures
 60918 | Zot:3    | XOM: enchant monster (good)
 60944 | Zot:3    | XOM: cast spell 'Summon Mana Viper'
 60951 | Zot:3    | XOM: noise
 61024 | Zot:3    | Identified the +2 pair of gloves "Seredih" {rN+ Dex+3
                  | Stlth+} (You found it on level 3 of the Realm of Zot)
 61196 | Zot:3    | XOM: harmless Pois miscast
 61294 | Zot:3    | XOM: smoke on damage
 61424 | Zot:3    | XOM: cast spell 'Summon Hydra'
 61439 | Zot:3    | XOM: 2-stop teleportation journey
 61459 | Zot:3    | XOM: enchant monster (good)
 61465 | Zot:3    | XOM: harmless Tmut miscast
 61467 | Zot:3    | XOM: potion effect (haste)
 61470 | Zot:3    | XOM: summons 2 friendly demons
 61475 | Zot:3    | XOM: swap monsters
 61476 | Zot:3    | XOM: cast spell 'Metabolic Englaciation'
 61489 | Zot:3    | XOM: enchant monster (bad)
 61506 | Zot:3    | XOM: harmless Tloc miscast
 61513 | Zot:3    | XOM: blink monster(s)
 61516 | Zot:3    | XOM: summons 6 friendly demons
 61519 | Zot:3    | XOM: divination: magic mapping
 61756 | Zot:3    | XOM: harmless Hex miscast
 61761 | Zot:3    | XOM: summons 4 friendly demons
 61877 | Zot:3    | XOM: divination: detect creatures
 62008 | Zot:4    | XOM: silly message
 62033 | Zot:5    | Entered Level 5 of the Realm of Zot
 62039 | Zot:5    | XOM: swap monsters
 62042 | Zot:5    | XOM: swap monsters
 62465 | Zot:5    | XOM: cast spell 'Death Channel'
 62467 | Zot:5    | XOM: 8-stop teleportation journey
 62469 | Zot:5    | XOM: summons 2 friendly demons
 62494 | Zot:5    | XOM: fog
 62495 | Zot:5    | XOM: potion effect (agility)
 62498 | Zot:5    | XOM: fake destruction
 62500 | Zot:5    | XOM: cleaving
 62502 | Zot:5    | XOM: confuse monster(s)
 62535 | Zot:5    | XOM: harmless Hex miscast
 62549 | Zot:5    | Noticed an ancient lich
 62555 | Zot:5    | Noticed an orb of fire
 62557 | Zot:5    | Reached skill level 10 in Evocations
 62566 | Zot:5    | XOM: 9-stop teleportation journey
 62601 | Zot:5    | XOM: summons 3 hostile demons
 62645 | Zot:5    | XOM: 1-stop teleportation journey
 62647 | Zot:5    | Got the Orb of Zot
 62647 | Zot:5    | Noticed an orb of fire
 62656 | Zot:5    | XOM: summons friendly hellwing
 62661 | Zot:5    | Noticed an orb of fire
 62668 | Zot:5    | XOM: harmless Chrm miscast
 62672 | Zot:5    | Paralysed by the power of Zot for 3 turns
 62675 | Zot:5    | Noticed an orb of fire
 62676 | Zot:5    | HP: 8/163 [orb of fire/fireball (11)]
 62676 | Zot:5    | Killed from afar by an orb of fire

Vault maps used:
D:1:      dpeg_arrival_water_temple_mockup, nrook_mini_backslash,
          minmay_misc_feat_alley, minmay_parallelograms
D:2:      grunt_temple_overflow_opulence, kennysheep_okawaru_gauntlet,
          nicolae_overflow_crystal_walls, first_ration, fedhas_altar_1
D:3:      cheibriados_altar_1, uniq_robin
D:5:      gammafunk_ghost_mausoleum
D:6:      lemuel_castle_with_subvaults, serial_bayou_ford_a
D:7:      minmay_temple_entry_poolview, lightli_ossuary_entry_decrepit_ruins,
          grunt_livestock
D:8:      lemuel_ice_spiral_2, lemuel_coloured_pillars_altar, serial_shops, shop
D:9:      tso_oasis_becter, grunt_lair_entry_orc_guard_hut, basic_altar,
          serial_column_ruins, column_ruins_grid_1,
          column_ruins_corridor_dead_end, column_ruins_open_tiny,
          column_ruins_open_large, column_ruins_open_medium,
          column_ruins_columns_straight, column_ruins_grid_2, uniq_psyche,
          uniq_erolcha
D:10:     enter_bailey_3
D:11:     minmay_the_grid_square_5x5_3x3, enter_trove_0
D:12:     david_orc_1_choice
D:13:     david_vaults_2, uniq_sonja
D:14:     portal_ice_cave_entry_pillars_1, skrybe_limestone_x, uniq_snorg,
          uniq_kirke
D:15:     gammafunk_depths_entry_grave, roderic_roman_lattice,
          nemelex_xobeh_ov_fountains_minmay
Temple:   regret_index_temple_waves
Lair:2:   grunt_megastairs_3
Lair:3:   kb_forest_paths, swamp_mist
Lair:4:   spider_nest_entry_webs, gauntlet_entry_generic, grunt_megastairs_5
Lair:5:   slime_altar_2, chequers_serial_rivers_marsh,
          chequers_serial_rivers_room_b, beast_lair_carwin_9
Lair:6:   wormcave, hangedman_lair_in_review, minmay_lair_oklob_items,
          fungi_pond_lemuel
Swamp:1:  evilmike_swamp_ruin_house_1, uniq_jorgrun
Swamp:2:  evilmike_swamp_ruin_house_5
Swamp:3:  nicolae_swamp_trees_clearing
Swamp:4:  swamp_old_school
Spider:2: guppyfry_spider_mini_3, uniq_arachne
Spider:3: nicolae_arachne_temple
Spider:4: spider_rune_water, hangedman_spider_mandibles, drop_trap, uniq_roxanne
Orc:1:    roderic_batcave
Orc:2:    st_orc_rangers, nicolae_volcano_entry_s_turn, serial_shops,
          nicolae_shop_waterfront, nicolae_orc_damp_corner,
          nicolae_orc_sculptors_studio, uniq_saint_roka, uniq_donald,
          uniq_rupert
Elf:1:    basic_altar, orc_legates
Elf:2:    serial_shops, nicolae_shop_stone, drop_trap, minivault_8
Elf:3:    grunt_elf_hall_spiral
Vaults:1: vaults_standard_mumra_enter_the_diamond, v_rooms_4,
          nicolae_vaults_display_case, hangedman_vaults_maws, v_misc_32,
          vaults_dpeg_hooks
Vaults:2: minmay_crypt_entry_necro_gods, nicolae_vaults_ninety_degrees,
          grunt_vaults_diagonal, nicolae_vaults_yaktaur_gun_rack,
          grunt_vaults_focal, v_misc_14, hangedman_vaults_cutoff,
          vaults_room_stairs_pillars, v_misc_10,
          ontoclasm_vaults_loading_screen,
          vaults_standard_mumra_enter_the_diamond, vaults_room_door_hall,
          ontoclasm_vaults_hangar, nicolae_vaults_rhombus_7, serial_shops, shop
Vaults:3: v_misc_11, v_misc_26, hangedman_vaults_stretched_pinwheel,
          ontoclasm_vaults_gateway, v_misc_33, nicolae_vaults_network_periphery,
          v_pattern_1, ontoclasm_vaults_claustrophobia, v_misc_19,
          ontoclasm_vaults_eye, grunt_vaults_bifocal, ontoclasm_vaults_gallery,
          grunt_vaults_hallway_long, nicolae_vaults_rhombus_5, uniq_mara
Vaults:4: hangedman_vaults_unwind, v_pattern_3, ontoclasm_vaults_ligature,
          vaults_dpeg_ring, nicolae_vaults_shelves_hall,
          nicolae_vaults_quadrants, ontoclasm_vaults_fault,
          hangedman_vaults_capsules, vaults_room_hallway, ontoclasm_vaults_chip
Crypt:1:  roderic_lattice_octagonal_star, grunt_crypt_arrival_guarded_gate
Crypt:2:  lemuel_statue_altar, uniq_sojobo
Crypt:3:  evilmike_haunted_forest
Depths:1: grunt_mini_vestibule, ebering_ghost_inner_flame,
          infiniplex_enter_wizlab_water, hangedman_decor_growths,
          nrook_mini_vaults, grunt_ministairs_3, nooodl_orcs_dogs,
          infiniplex_staircase_pool_lava, uniq_enchantress
Depths:2: wad_cavern_with_rooms, serial_shops, shop, minmay_misc_feat_enclosed,
          hell_entry
Depths:3: hangedman_elemental_death_ray, rand_demon_pan_entry_1,
          minmay_misc_feat_columns, hangedman_coc_ice_floe
Depths:4: kennysheep_gozag_temple, hell_entry, abyss_entry,
          minmay_misc_feat_rows, serial_bayou_shore_a,
          infiniplex_staircase_pillars_2, minmay_shop_grove, uniq_boris
Depths:5: grunt_zot_entry_gee_three, enter_ziggurat_d,
          hangedman_decor_clover_reticule, hell_entry
Zot:3:    grunt_zot_stairs_mandelzot, hangedman_snake_sidewinding
Zot:4:    gammafunk_ghost_cemetery
Abyss:3:  evilmike_abyss_exit_kraken, doesnt_abyss_rune_brain_food,
          gammafunk_abyss_rune_reverse_zot
Trove:    trove_simple
Ossuary:  ossuary_due_small_catacomb
Bailey:   bailey_axe_4, bailey
IceCv:    ice_cave_caverns_03
Volcano:  volcano_bunker
WizLab:   wizlab_lehudib

Skill      XL: |  1  2  3  4  5  6  7  8  9 10 11 12 13 14 15 16 17 18 19 20 21 22 23 24 25 26 27 |
---------------+----------------------------------------------------------------------------------+-----
Stealth        | 2 3 4 5 7 8 9 10 12 13 15 17 19 20 21 22 | 22.9
Dodging        | 1 2 3 4 5 6 7 8 9 11 13 14 15 16 17 18 20 | 20.2
Fighting       | 4 5 6 7 8 9 10 11 12 13 14 15 16 18 20 21 22 | 22.7
Short Blades   | 2 3 5 6 7 8 9 11 | 11.1
Shields        | 1 3 4 10 13 15 | 15.0
Evocations     | 2 4 6 10 | 10.2
Hexes          | 1 4 6 |  6.7
Armour         | 3 4 7 8 10 11 12 | 12.2
Translocations | 5 8 9 |  9.6
Spellcasting   | 6 8 |  8.6
Throwing       | 4 |  4.0
Summonings     | 4 8 |  8.7
Charms         | 4 |  4.6
Necromancy     | 4 9 |  9.3

Action                   |  1- 3 |  4- 6 |  7- 9 | 10-12 | 13-15 | 16-18 | 19-21 | 22-24 | 25-27 || total
-------------------------+-------+-------+-------+-------+-------+-------+-------+-------+-------++-------
Melee: Short sword       |    56 |   159 |   608 |   182 |       |       |       |       |       ||  1005
       Bite              |    11 |    55 |   238 |   222 |   782 |   666 |  1066 |  1392 |  2323 ||  6755
       Dagger            |    11 |       |       |       |       |       |       |       |       ||    11
       Headbutt          |       |       |       |   112 |   250 |   429 |   596 |    74 |       ||  1461
       Quick blade       |       |       |       |   278 |  1490 |  1109 |  1675 |  2100 |  3364 || 10016
 Fire: Blowgun           |       |       |       |     3 |       |       |       |       |       ||     3
 Cast: Confusing Touch   |       |       |       |       |       |     2 |       |       |       ||     2
       Gell's Gravitas   |       |       |       |       |       |       |     3 |     6 |       ||     9
       Blink             |       |       |       |       |       |       |       |     3 |     1 ||     4
       Apportation       |       |       |       |       |       |       |       |       |     5 ||     5
       Regeneration      |       |       |       |       |       |       |       |       |    28 ||    28
       Aura of Abjuratio |       |       |       |       |       |       |       |       |     6 ||     6
Evoke: Wand              |       |     2 |     8 |     7 |     9 |     8 |     7 |     5 |     2 ||    48
       Box of beasts     |       |       |       |       |     2 |       |       |       |       ||     2
       Phial of floods   |       |       |       |       |       |     1 |     1 |     1 |       ||     3
       Sack of spiders   |       |       |       |       |       |       |       |       |     2 ||     2
       Fan of gales      |       |       |       |       |       |       |       |       |     1 ||     1
  Use: Scroll            |     3 |     1 |     9 |    17 |    17 |     6 |     8 |    13 |    16 ||    90
       Potion            |       |       |     7 |     3 |     3 |     7 |     2 |     7 |     9 ||    38
 Stab: Sleeping          |     6 |    11 |    28 |    26 |    44 |    38 |    69 |    42 |    88 ||   352
       Distracted        |       |       |     2 |     3 |     5 |     6 |     9 |    20 |    37 ||    82
       Confused          |       |       |       |     4 |     5 |    17 |    15 |    11 |    25 ||    77
       Petrifying        |       |       |       |     2 |       |       |     2 |     4 |     2 ||    10
       Invisible         |       |       |       |     1 |    18 |       |       |    11 |    13 ||    43
       Petrified         |       |       |       |       |     1 |       |       |       |     2 ||     3
       Paralysed         |       |       |       |       |       |       |     2 |     1 |       ||     3
       Betrayed ally     |       |       |       |       |       |       |       |       |     1 ||     1
  Eat: Chunk             |     2 |     5 |    13 |    12 |    24 |    14 |    20 |    27 |    12 ||   129
       Ration            |       |       |       |     1 |     1 |     1 |     4 |     2 |    12 ||    21
Armor: Robe              |    20 |    37 |   156 |    27 |       |       |       |       |       ||   240
       Troll leather arm |       |       |       |    10 |    73 |   136 |   107 |   119 |   242 ||   687
       Scale mail        |       |       |       |       |     6 |       |       |       |       ||     6
Dodge: Dodged            |    42 |    85 |   488 |   182 |   539 |   635 |   766 |   711 |  1113 ||  4561
Block: Buckler           |       |       |     1 |    57 |   164 |   181 |   202 |   165 |       ||   770
       Shield            |       |       |       |       |       |       |       |   315 |  1407 ||  1722
       Reflection        |       |       |       |       |       |       |       |    28 |    26 ||    54

Table legend:
 A = Non-vault XP
 B = Vault XP
 C = Vault XP percentage of total XP
 D = Non-vault monster count
 E = Vault monster count
 F = Vault count percentage of total count
                 A         B        C        D         E       F
            +---------+---------+-------+---------+---------+-------
      Total |  856108 |  646957 |  43.0 |    1640 |     992 |  37.7
            +---------+---------+-------+---------+---------+-------
        D:1 |      12 |       0 |   0.0 |       8 |       0 |   0.0
        D:2 |     133 |       0 |   0.0 |      34 |       0 |   0.0
        D:3 |      12 |      37 |  75.5 |       8 |      12 |  60.0
        D:4 |     632 |       0 |   0.0 |      24 |       0 |   0.0
        D:5 |    1191 |     659 |  35.6 |      31 |       9 |  22.5
        D:6 |    1070 |     587 |  35.4 |      30 |      45 |  60.0
        D:7 |     541 |    1001 |  64.9 |      16 |       5 |  23.8
        D:8 |    1271 |       0 |   0.0 |      22 |       0 |   0.0
        D:9 |    2891 |    2202 |  43.2 |      33 |       7 |  17.5
       D:10 |    1794 |       8 |   0.4 |      20 |       4 |  16.7
       D:11 |    6670 |    3689 |  35.6 |      47 |      13 |  21.7
       D:12 |    3395 |     394 |  10.4 |      27 |       9 |  25.0
       D:13 |    6075 |    1491 |  19.7 |      23 |       4 |  14.8
       D:14 |   12020 |    4039 |  25.2 |      33 |       6 |  15.4
       D:15 |   11022 |    4437 |  28.7 |      31 |       8 |  20.5
     Lair:1 |    4892 |       0 |   0.0 |      24 |       0 |   0.0
     Lair:2 |    5603 |     233 |   4.0 |      13 |       2 |  13.3
     Lair:3 |    5700 |    5376 |  48.5 |      21 |      21 |  50.0
     Lair:4 |    8159 |    1750 |  17.7 |      33 |       5 |  13.2
     Lair:5 |    7380 |    1078 |  12.7 |      30 |       5 |  14.3
     Lair:6 |   15378 |   17494 |  53.2 |      47 |      39 |  45.3
    Swamp:1 |    6961 |    2749 |  28.3 |      14 |       1 |   6.7
    Swamp:2 |   11422 |       0 |   0.0 |      40 |       0 |   0.0
    Swamp:3 |    6142 |       0 |   0.0 |      17 |       0 |   0.0
    Swamp:4 |   16509 |   21073 |  56.1 |      39 |      28 |  41.8
   Spider:1 |    7783 |       0 |   0.0 |      23 |       0 |   0.0
   Spider:2 |   22623 |    5393 |  19.2 |      62 |       9 |  12.7
   Spider:3 |   14034 |   11883 |  45.9 |      33 |      33 |  50.0
   Spider:4 |   16024 |   19713 |  55.2 |      49 |      35 |  41.7
      Orc:1 |    3653 |    5408 |  59.7 |      17 |      15 |  46.9
      Orc:2 |    3408 |   10959 |  76.3 |      30 |      49 |  62.0
      Elf:1 |   20688 |   10102 |  32.8 |      34 |      21 |  38.2
      Elf:2 |    7811 |   24536 |  75.9 |      15 |      34 |  69.4
      Elf:3 |   16257 |   48833 |  75.0 |      27 |      34 |  55.7
   Vaults:1 |   22662 |   13910 |  38.0 |      47 |      26 |  35.6
   Vaults:2 |   29275 |   13659 |  31.8 |      44 |      23 |  34.3
   Vaults:3 |   27623 |   32224 |  53.8 |      47 |      29 |  38.2
   Vaults:4 |   20571 |   34490 |  62.6 |      31 |      31 |  50.0
    Crypt:1 |   29342 |       0 |   0.0 |      60 |       0 |   0.0
    Crypt:2 |   29075 |    9387 |  24.4 |      47 |       3 |   6.0
    Crypt:3 |       0 |   70812 | 100.0 |       0 |     105 | 100.0
   Depths:1 |   37819 |   26405 |  41.1 |      48 |      32 |  40.0
   Depths:2 |   43956 |    3562 |   7.5 |      58 |       5 |   7.9
   Depths:3 |   40229 |    7114 |  15.0 |      39 |      14 |  26.4
   Depths:4 |   53352 |   16165 |  23.3 |      65 |      10 |  13.3
   Depths:5 |   16723 |   24952 |  59.9 |      14 |      17 |  54.8
      Zot:1 |   37315 |       0 |   0.0 |      21 |       0 |   0.0
      Zot:2 |   41831 |       0 |   0.0 |      25 |       0 |   0.0
      Zot:3 |   49657 |   34578 |  41.0 |      29 |      27 |  48.2
      Zot:4 |   64390 |   37034 |  36.5 |      38 |      20 |  34.5
      Zot:5 |   51160 |   20718 |  28.8 |      32 |       8 |  20.0
    Abyss:1 |       0 |    2346 | 100.0 |       0 |       1 | 100.0
    Abyss:2 |    2270 |       0 |   0.0 |       8 |       0 |   0.0
    Abyss:3 |    7937 |   14867 |  65.2 |      21 |      24 |  53.3
    Ossuary |       0 |     251 | 100.0 |       0 |      32 | 100.0
     Bailey |       0 |     596 | 100.0 |       0 |      26 | 100.0
      IceCv |       0 |   10915 | 100.0 |       0 |      39 | 100.0
    Volcano |       0 |    6677 | 100.0 |       0 |      11 | 100.0
     WizLab |    1765 |   61171 |  97.2 |      11 |      56 |  83.6
            +---------+---------+-------+---------+---------+-------
